 Dungeon Crawl Stone Soup version 0.17-a0-931-g11a8995 (webtiles) character file.

1423979 Zwobot the Spry (level 27, 103/180 HPs)
             Began as a Kobold Chaos Knight on May 4, 2015.
             Escaped with the Orb
             ... and 3 runes on May 5, 2015!
             The game lasted 11:30:50 (104321 turns).

Zwobot the Spry (Kobold Chaos Knight)             Turns: 104321, Time: 11:30:50

Health: 103/180    AC: 18    Str: 17      XL:     27
Magic:  23/36      EV: 35    Int: 25 (28) God:    Xom [...*..]
Gold:   3414       SH:  0    Dex: 25      Spells: 12 memorised, 2 levels left

rFire  + . .     SeeInvis +     a - +6 double sword of the Wasp {speed, rC+ Str+2 SInv}
rCold  + + +     Clarity  +     b - quicksilver dragon armour
rNeg   + + .     SustAb   .     (shield restricted)
rPois  .         Gourm    .     T - +2 hat
rElec  +         Spirit   .     H - +2 cloak
rCorr  .         Warding  .     C - +0 pair of gloves "Maivo" {+Blink rN+ Str+3 Int+7}
rMut   .         Stasis   .     (boots unavailable)
MR     +++..                    q - amulet "Pioj" {Clar Int+3 Stlth+}
Stlth  +++.......               D - ring "Fuenacou" {rC+ rN+ Int+6 SInv}
                                N - ring of protection from fire

@: very slightly contaminated, hasted, studying Long Blades, repel missiles,
very quick, extremely resistant to hostile enchantments, fairly stealthy
A: antennae 1, claws 1, hooves 3, molten scales 1, blink 2, carnivore 3, cold
resistance 2, deformed body, sense surroundings 1, electricity resistance
a: Blink, Renounce Religion, Evoke Blink
0: Orb of Zot
}: 3/15 runes: decaying, silver, gossamer


You escaped.
You worshipped Xom.
You were a favourite toy of Xom.
You were not hungry.

You visited 9 branches of the dungeon, and saw 53 of its levels.
You visited the Abyss 1 time.
You also visited: Bailey and Volcano.

You collected 10053 gold pieces.
You spent 6639 gold pieces at shops.

Inventory:

Hand weapons
 a - the +6 double sword of the Wasp (weapon) {speed, rC+ Str+2 SInv}
   (You acquired it on level 1 of the Swamp)

   Attacks with this weapon are significantly faster.
   It affects your strength (+2).
   It protects you from cold.
   It enhances your eyesight.
 f - a +9 quick blade of freezing
 w - the +6 blowgun of Exhibitionism {evade, rC+++ Str+5 Dex-2}
   (You found it on level 2 of the Lair of Beasts)

   It affects your evasion (+5 to EV).
   It affects your strength (+5).
   It affects your dexterity (-2).
   It renders you almost immune to cold.
Missiles
 l - 160 poisoned needles
 u - 4 throwing nets (quivered)
Armour
 b - a quicksilver dragon armour (worn)
 C - the +0 pair of gloves "Maivo" (worn) {+Blink rN+ Str+3 Int+7}
   (You acquired it on level 4 of the Orcish Mines)

   It affects your strength (+3).
   It affects your intelligence (+7).
   It protects you from negative energy.
   It lets you blink.
 H - a +2 cloak (worn)
 T - a +2 hat (worn)
Rods
 m - a +2 rod of ignition (13/13)
   (You bought it in a shop on level 3 of the Depths)
 O - a +4 rod of destruction (12/12)
   (You took it off a yaktaur on level 2 of the Depths)
Jewellery
 q - the amulet "Pioj" (around neck) {Clar Int+3 Stlth+}
   (You took it off a deep elf blademaster on level 3 of the Elven Halls)

   [amulet of clarity]

   It provides mental clarity.
   It affects your intelligence (+3).
   It makes you more stealthy.
 x - an uncursed amulet of resist corrosion
 D - the ring "Fuenacou" (right hand) {rC+ rN+ Int+6 SInv}
   (You took it off a deep elf demonologist on level 3 of the Elven Halls)

   [ring of protection from cold]

   It affects your intelligence (+6).
   It protects you from cold.
   It protects you from negative energy.
   It enhances your eyesight.
 N - a ring of protection from fire (left hand)
 Q - an uncursed ring of poison resistance
 U - the amulet of Fymaczow {Faith Str+6 Int+7}
   (Xom gifted it to you on level 2 of the Swamp)

   [amulet of faith]

   It allows you to gain divine favour quickly.
   It affects your strength (+6).
   It affects your intelligence (+7).
Magical devices
 d - a wand of cold (0)
 j - a wand of cold (9)
 k - a wand of disintegration (3)
 r - a wand of teleportation (6)
 z - a wand of heal wounds (3)
 I - a wand of hasting (3)
 P - a wand of paralysis (10)
Scrolls
 e - 11 scrolls of blinking
 g - 4 scrolls of fog
 h - 15 scrolls of remove curse
 i - a scroll of immolation
 y - a scroll of teleportation
 B - 5 scrolls of summoning
 F - 2 scrolls of recharging
 L - 4 scrolls of enchant armour
 X - 5 scrolls of vulnerability
 Z - a scroll of holy word
Potions
 o - 4 potions of curing
 A - 5 potions of might
 E - a potion of agility
 M - 2 potions of cancellation
 R - 2 potions of cure mutation
 S - 4 potions of resistance
 V - 2 potions of magic
 Y - 5 potions of brilliance
Books
 K - a manual of Long Blades
Miscellaneous
 n - a phial of floods
 p - 2 phantom mirrors
 G - a fan of gales
 J - a lamp of fire (inert)
 W - a lantern of shadows
Comestibles
 c - 34 meat rations


   Skills:
 - Level 20.7 Fighting
 - Level 4.0(18.5) Short Blades
 - Level 18.6 Long Blades
 - Level 12.1 Maces & Flails
 - Level 10.0 Throwing
 - Level 14.3 Armour
 - Level 20.7 Dodging
 - Level 14.3 Stealth
 + Level 2.3 Unarmed Combat
 - Level 8.5 Spellcasting
 - Level 10.0 Hexes
 - Level 5.5 Charms
 - Level 17.5 Translocations
 - Level 3.0 Air Magic
 - Level 19.2 Evocations


You had 2 spell levels left.
You knew the following spells:

 Your Spells              Type           Power        Failure   Level  Hunger
a - Repel Missiles        Chrm/Air       ####..       2%          2    None
b - Swiftness             Chrm/Air       ####....     2%          2    None
c - Flight                Chrm/Air       ####......   6%          3    None
d - Confuse               Hex            ######..     1%          3    None
e - Dazzling Spray        Conj/Hex       #####...     3%          3    None
f - Tukima's Dance        Hex            ######..     1%          3    None
g - Apportation           Tloc           #######...   0%          1    None
h - Blink                 Tloc           N/A          0%          2    None
i - Dispersal             Tloc           #######...   1%          6    ######.
j - Controlled Blink      Tloc           N/A          8%          7    #######
k - Control Teleport      Chrm/Tloc      ######....   1%          4    ##.....
l - Phase Shift           Tloc           #######...   1%          5    ####...


Dungeon Overview and Level Annotations

Branches:
Dungeon (15/15)            Temple (0/1) D:5            Lair (8/8) D:8
  Swamp (4/4) Lair:4       Spider (4/4) Lair:5        Slime (0/6) Lair:7
    Orc (4/4) D:12            Elf (3/3) Orc:4        Vaults (5/5) D:14
  Crypt (0/3) Vaults:2     Depths (5/5) D:15            Zot (5/5) Depths:5

Altars:
Cheibriados
Dithmenos
Elyvilon
Fedhas
Gozag
Kikubaaqudgha
Makhleb
Nemelex Xobeh
Qazlal
Ru
Trog
Vehumet
Xom
Yredelemnul
Zin
The Shining One
Beogh
Jiyva

Shops:
D:11 ?   Orc:4 (?[*   Vaults:2 %   Vaults:3 [   Depths:3 }   Depths:5 [:

Portals:
Hell: Depths:1 Depths:2 Depths:3 Depths:4 Depths:5
Abyss: Depths:1 Depths:4
Pandemonium: Depths:3 Depths:5
Ziggurat: Depths:5

Annotations:
D:6 2 exclusions
Lair:2 exclusion: 3 oklob plants
Lair:3 exclusion: upstairs
Orc:1 exclusion: downstairs
Orc:3 Rupert
Elf:2 Aizul
Depths:5 1 exclusion
Zot:5 exclusion: 2 upstairs


Innate Abilities, Weirdness & Mutations

You are small and have problems with some larger weapons.
You are carnivorous and can eat meat at any time.
You have a pair of small antennae on your head.
You have sharp fingernails.
You have hooves in place of feet.
You are partially covered in molten scales (AC +1).
You are good at translocating small distances at will.
Your flesh is very cold resistant.
Armour fits poorly on your strangely shaped body.
You passively map a small area around you.
You are resistant to electric shocks.


Message History

Confirm with . or Enter, or press ? or * to list all spells.
The Orb prevents control of your teleportation!
Which direction? [ESC to cancel]
Casting: Controlled Blink
Confirm with . or Enter, or press ? or * to list all spells.
The Orb prevents control of your teleportation!
Which direction? [ESC to cancel]
The kobold throws a stone.
The stone completely misses you.
The stone dissolves into shadows!
There is an open door here.
You close the door.
There is a staircase leading out of the dungeon here.
Drink which item? (? for menu, Esc to quit)
Okay, then.
Evoke which item? (* to show all) (? for menu, Esc to quit)
Sorry, you can't target yourself.
Aiming: Phantom Mirror
Press: ? - help, Dir - move target cursor, f - you
Okay, then.
You have escaped!

##.#.....................
##............K...........
######..###......2.............
##...#........................#.
#......................%....#.#.
#...........................#...
#............##+##..........#...
#...........##...##...#........#
#...........#..@..#...#........#
##...........##...##...).......##
.#.....##.....##+##............#
.##...###.........%............#
.###### #..............[......##
.# #####...........####### .#
############# .# .#


There were no monsters in sight!

Vanquished Creatures
  3 orbs of fire (Zot:5)
  2 ancient liches (Zot:5)
  Sojobo (Depths:5)
  the Lernaean hydra (Swamp:4)
  2 shard shrikes
  9 caustic shrikes
  Norris (Elf:2)
  Saint Roka (Elf:2)
  A Killer Klown (Zot:5)
  A curse toe (Zot:5)
  5 golden dragons
  A bone dragon (Depths:5)
  3 electric golems (Zot:5)
  Jorgrun (Spider:3)
  20 Orb Guardians
  13 tentacled monstrosities
  2 deep elf blademasters (Elf:3)
  An acid blob (shapeshifter) (Zot:5)
  2 liches
  4 titans
  6 quicksilver dragons
  An acid blob (Depths:5)
  2 deep elf master archers (Elf:3)
  5 sphinxes
  Gastronok (Orc:1)
  Agnes (D:15)
  2 thorn hunters (Swamp:4)
  14 shadow dragons
  Kirke (Spider:3)
  8 tengu reavers
  7 storm dragons
  A draconian monk (Zot:4)
  Roxanne (Elf:2)
  An azure jelly (Depths:5)
  An azure jelly (shapeshifter) (Vaults:5)
  6 fire giants
  6 deep elf sorcerers
  A balrug (Depths:4)
  Donald (Orc:4)
  3 iron dragons
  A draconian knight (Zot:5)
  4 frost giants
  2 caustic shrike zombies
  A draconian scorcher (Zot:5)
  4 emperor scorpions
  3 draconian shifters
  6 ghost moths
  2 draconian zealots
  10 vault wardens
  14 ironheart preservers
  3 war gargoyles (Vaults:5)
  20 stone giants
  9 very ugly things
  A vampire knight (Depths:5)
  A spriggan defender (Depths:3)
  4 green draconians
  9 rakshasas
  An apis (Elf:1)
  The ghost of Lathuz the Severer, a powerful MiBe of Trog (Lair:8)
  3 black draconians
  4 mottled draconians
  A large abomination (Vaults:5)
  3 deep elf annihilators
  8 deep elf demonologists
  2 yellow draconians
  A dire elephant (shapeshifter) (Depths:5)
  5 red draconians
  2 white draconians
  A dire elephant (Zot:5)
  3 purple draconians
  A merfolk javelineer (Depths:2)
  15 deep elf death magi
  25 vault guards
  4 death oozes (Depths:5)
  A minotaur (Depths:2)
  20 fire dragons
  9 ettins
  2 jiangshi
  10 deep elf high priests
  2 death cobs
  19 yaktaur captains
  10 entropy weavers
  The ghost of krabocopter the Covert, a powerful DsAs of Ashenzari (D:13)
  16 great orbs of eyes
  Harold (Lair:2)
  14 ice dragons
  31 hydras
  4 spriggan air magi
  Erica (D:10)
  4 centaur warriors
  Erolcha (D:13)
  5 salamander stormcallers
  3 alligators
  An alligator (shapeshifter) (Swamp:4)
  15 ogre magi
  3 vampire magi (Depths:1)
  3 tengu warriors
  A queen ant (Elf:3)
  A death yak (shapeshifter) (Depths:4)
  16 dancing weapons (Elf:2)
  4 deep troll shamans
  7 deep troll earth magi
  2 sun demons
  2 orc high priests (Elf:1)
  4 hell knights
  10 death yaks
  An infernal demonspawn (Depths:5)
  Nergalle (D:12)
  13 spriggans
  3 soul eaters (Depths:4)
  3 iron trolls
  A fire crab (Vaults:5)
  A storm dragon zombie (D:15)
  A sea snake (Vaults:4)
  2 ice devils (Depths:4)
  14 skeletal warriors
  5 unseen horrors
  25 deep elf knights
  14 deep elf summoners
  A shambling mangrove (Swamp:4)
  9 giant orange brains
  27 deep trolls
  8 swamp dragons
  10 necromancers
  An ice statue (Depths:4)
  12 orc knights
  5 wizards
  A shadow dragon zombie (D:15)
  A hill giant (shapeshifter) (Depths:1)
  6 flayed ghosts
  4 phantasmal warriors
  A lindwurm (Lair:1)
  2 harpies (shapeshifter)
  10 hill giants
  14 ironbrand convokers
  42 ugly things
  37 wolf spiders
  10 hornets
  A mana viper (shapeshifter) (D:9)
  14 deep elf conjurers
  4 griffons
  10 cyclopes
  25 orb spiders
  2 salamanders (shapeshifter)
  A draconian zombie (Zot:5)
  A shadow dragon skeleton (Depths:1)
  3 orc sorcerers
  A stone giant zombie (Depths:1)
  A black mamba (shapeshifter) (Vaults:1)
  2 water nymphs (shapeshifter) (Vaults:1)
  10 moths of wrath
  6 elephants
  6 manticores
  A hornet (shapeshifter) (Vaults:2)
  2 sixfirhies
  An iron dragon skeleton (Depths:2)
  2 draconians (shapeshifter)
  Maurice (D:10)
  A frost giant skeleton (Vaults:2)
  12 black mambas
  3 centaur zombies
  14 vault sentinels
  10 rust devils
  A fire giant skeleton (Vaults:2)
  18 spiny frogs
  2 spiny frogs (shapeshifter)
  A titan simulacrum (Depths:4)
  2 torpor snails
  An orange demon (Depths:3)
  An eye of devastation (Vaults:3)
  A yaktaur zombie (Depths:1)
  5 centaur skeletons
  A red draconian zombie (Zot:5)
  3 hellions
  9 komodo dragons
  A kobold demonologist (Vaults:2)
  2 komodo dragons (shapeshifter)
  82 yaktaurs
  41 jumping spiders
  A yaktaur (shapeshifter) (Elf:2)
  3 fire drakes (shapeshifter)
  3 red devils
  6 tengu conjurers
  2 efreet
  A two-headed ogre (shapeshifter) (Elf:3)
  3 merfolk
  4 spriggan druids
  10 demonic crawlers
  10 trolls
  17 deep elf priests
  2 queen bees (shapeshifter)
  11 freezing wraiths
  A polar bear (shapeshifter) (Vaults:5)
  2 wandering mushrooms (Zot:5)
  A moth of wrath zombie (Zot:4)
  A shadow dragon simulacrum (Depths:4)
  A yaktaur skeleton (Vaults:3)
  8 polar bears (Lair:8)
  8 blink frogs
  A wind drake (shapeshifter) (Elf:1)
  Grinder (D:3)
  3 giant leeches
  25 two-headed ogres
  A baby alligator (Lair:7)
  A raven (shapeshifter) (Depths:1)
  6 boulder beetles
  36 slime creatures
  14 bog bodies
  A stone giant simulacrum (Depths:1)
  A trapdoor spider zombie (D:12)
  19 trapdoor spiders
  A vampire (D:13)
  8 air elementals
  A spriggan zombie (Depths:1)
  An elf simulacrum (Depths:4)
  A boulder beetle (shapeshifter) (Vaults:5)
  An ice dragon zombie (D:15)
  20 ravens
  2 flying skulls (Depths:4)
  A redback (shapeshifter) (Vaults:4)
  6 small abominations
  A spriggan skeleton (Depths:2)
  93 redbacks
  2 water elementals (Depths:2)
  38 tarantellas
  A fire dragon skeleton (D:15)
  3 humans (shapeshifter)
  A tarantella (shapeshifter) (Depths:1)
  2 hungry ghosts
  10 wraiths
  2 golden eyes (Spider:1)
  2 wyverns
  Eustachio (D:6)
  23 deep elf magi
  33 yaks
  4 shadows
  A hog (shapeshifter) (Depths:3)
  6 basilisks
  A golden eye (shapeshifter) (Elf:3)
  A mottled dragon (D:12)
  19 wolves
  A neqoxec (Depths:5)
  36 deep elf fighters
  A soldier ant (D:13)
  8 water moccasins
  A spriggan simulacrum (Depths:4)
  3 hogs (Spider:3)
  A mottled dragon (shapeshifter) (Depths:4)
  11 porcupines
  A salamander skeleton (Vaults:2)
  A chaos spawn (Depths:1)
  10 hippogriffs
  18 swamp worms
  6 wargs
  31 vampire mosquitoes
  14 insubstantial wisps
  3 ice beasts
  A deep troll skeleton (Vaults:2)
  6 hell hounds
  38 orc warriors
  4 eyes of draining
  An ettin simulacrum (Depths:2)
  A slave (D:6)
  A wasp (shapeshifter) (Vaults:5)
  20 spiders
  11 swamp drakes
  8 black bears
  5 boggarts (Vaults:2)
  2 black bears (shapeshifter) (Vaults:4)
  7 wasps
  59 ogres
  3 sky beasts
  4 boring beetles
  18 centaurs
  4 human skeletons
  A brain worm (D:14)
  13 crocodiles
  3 big kobolds
  2 wyvern skeletons
  2 deep troll simulacra
  16 giant frogs
  22 killer bees
  A water moccasin zombie (D:7)
  3 scorpions
  A tengu zombie (Depths:1)
  2 human simulacra
  7 electric eels
  6 hounds
  7 wights
  3 quasits
  A wasp zombie (D:10)
  6 crimson imps
  14 two-headed ogre zombies (D:13)
  2 giant frog zombies
  23 orc priests
  2 giant frog skeletons
  Ijyb (D:2)
  9 jellies
  16 iguanas
  3 iron imps
  8 worker ants
  32 orc wizards
  Terence (D:3)
  6 hell rats
  31 sheep
  A hound zombie (D:9)
  A hound skeleton (D:5)
  A worker ant zombie (D:5)
  17 gnolls
  10 adders
  69 river rats
  5 shadow imps
  A white imp (Lair:1)
  6 oozes
  3 ufetubi
  4 worms
  4 adder skeletons
  A giant gecko (D:6)
  196 orcs
  A bat (shapeshifter) (Vaults:5)
  2 bat skeletons (D:5)
  10 giant cockroaches
  22 goblins
  19 hobgoblins
  11 jackals
  2 quokkas
  2 ball pythons
  20 bats
  A giant cockroach zombie (D:6)
  7 giant newts
  2 giant spores
  A jackal skeleton (D:4)
  28 kobolds
  A quokka zombie (D:6)
  27 rats
  11 ballistomycetes
  3 crawling corpses (Elf:3)
  4 fungi
2696 creatures vanquished.

Vanquished Creatures (collateral kills)
  A golden dragon (Depths:5)
  3 deep elf blademasters
  A quicksilver dragon (Depths:4)
  A sphinx (Vaults:3)
  A thorn hunter (Swamp:1)
  2 tengu reavers (Depths:5)
  A storm dragon (Vaults:3)
  6 fire giants
  A deep elf sorcerer (Vaults:3)
  5 frost giants
  A large abomination (Vaults:5)
  Louise (Spider:3)
  5 ironheart preservers
  A very ugly thing (Depths:4)
  A green draconian (Zot:5)
  A jiangshi (Depths:1)
  12 vault guards
  A yaktaur captain (Vaults:4)
  3 ettins (Vaults:5)
  An entropy weaver (Depths:1)
  2 hydras
  A great orb of eyes (Depths:4)
  A centaur warrior (Vaults:1)
  A deep troll shaman (Vaults:3)
  2 sun demons (Depths:4)
  A spriggan berserker (Depths:5)
  An ice devil (D:3)
  2 skeletal warriors (Vaults:2)
  A flayed ghost (Vaults:2)
  3 hell knights (Depths:5)
  A deep troll (Vaults:5)
  Pikel (D:6)
  5 orc knights
  2 deep elf conjurers
  An ironbrand convoker (Vaults:5)
  2 orb spiders (Spider:4)
  A sphinx skeleton (Vaults:2)
  6 ugly things
  2 elephants (Lair:8)
  A vault sentinel (Vaults:3)
  A spiny frog (Lair:5)
  A water elemental (Vaults:4)
  5 yaktaurs
  3 two-headed ogres (Orc:4)
  A deep elf priest (Elf:2)
  A jumping spider (Spider:3)
  A bog body (Swamp:4)
  3 trapdoor spiders (Spider:4)
  A deep elf mage (Vaults:3)
  2 yaks
  5 redbacks
  2 tarantellas
  3 spriggans
  5 deep elf fighters
  A basilisk (shapeshifter) (Vaults:4)
  A fire bat (shapeshifter) (Depths:5)
  A warg (Elf:2)
  A water moccasin (Lair:7)
  2 orc warriors (Elf:2)
  A spider (Lair:5)
  A hell hound (Depths:4)
  2 wasps (Swamp:3)
  A centaur (Vaults:1)
  8 ogres
  A crocodile (Lair:8)
  A wight (D:6)
  A crimson imp (D:6)
  An orc priest (Elf:2)
  An orc wizard (Elf:2)
  4 sheep (Lair:5)
  A gnoll (Depths:2)
  A shadow imp (Vaults:4)
  6 orcs
  A hobgoblin (D:6)
  A kobold (D:3)
  A fungus (Swamp:1)
159 creatures vanquished.

Vanquished Creatures (others)
  A vault warden (Vaults:5)
  A stone giant (Depths:4)
  A yaktaur captain (Vaults:5)
  An ice dragon (Zot:5)
  2 deep elf high priests (Depths:4)
  A great orb of eyes (Depths:5)
  A death cob (Zot:3)
  A hydra (Elf:1)
  A deep troll shaman (Vaults:3)
  28 dancing weapons
  A deep troll earth mage (Vaults:3)
  2 deep elf knights (Elf:2)
  2 deep elf summoners (Elf:2)
  A hill giant (Depths:3)
  A wolf spider (Spider:4)
  A moth of wrath (Zot:5)
  A red devil (Depths:5)
  A polar bear (Lair:8)
  2 deep elf priests
  11 fire elementals
  A water elemental (Vaults:4)
  A fire vortex (Vaults:3)
  4 trapdoor spiders
  3 redbacks
  A flying skull (Depths:4)
  A spriggan (Lair:8)
  3 deep elf fighters
  3 deep elf magi
  An elf simulacrum (Depths:4)
  3 wolves (Lair:3)
  A spider (Depths:1)
  A slave (D:6)
  A giant frog (D:11)
  5 lost souls
  A killer bee (Zot:5)
  10 quasits
  9 crimson imps
  2 wights (D:6)
  A goliath beetle (Zot:5)
  An iguana (Lair:3)
  10 iron imps
  2 orc wizards
  2 hell rats (Elf:2)
  A worker ant (Zot:5)
  A sheep (Lair:5)
  10 shadow imps
  16 white imps
  16 ufetubi
  4 orcs
  3 giant spores
  A goblin (Orc:2)
  A rat (Vaults:5)
  A bush (Lair:2)
  4 butterflies (Lair:8)
  10 fungi
  9 plants
205 creatures vanquished.

Grand Total: 3060 creatures vanquished

Notes
Turn   | Place    | Note
--------------------------------------------------------------
     0 | D:1      | Zwobot, the Kobold Chaos Knight, began the quest for the Orb.
     0 | D:1      | Reached XP level 1. HP: 14/14 MP: 1/1
    14 | D:1      | XOM: potion effect (might)
   145 | D:1      | Reached XP level 2. HP: 20/20 MP: 2/2
   182 | D:1      | XOM: divination: detect creatures
   592 | D:1      | Reached XP level 3. HP: 21/24 MP: 3/3
   707 | D:1      | XOM: colour smoke trail
   953 | D:2      | Found a sparkling altar of Nemelex Xobeh.
  1129 | D:2      | Reached skill level 1 in Stealth
  1151 | D:2      | Noticed Ijyb
  1200 | D:2      | Reached XP level 4. HP: 30/30 MP: 4/4
  1302 | D:2      | Found a bloodstained altar of Trog.
  1449 | D:2      | XOM: cast spell 'Flight'
  1465 | D:2      | Reached skill level 5 in Fighting
  1467 | D:2      | XOM: silly message
  1798 | D:2      | Found a stormy altar of Qazlal.
  1820 | D:2      | Found a sacrificial altar of Ru.
  1839 | D:2      | Found a snail-covered altar of Cheibriados.
  1840 | D:2      | Found a blossoming altar of Fedhas.
  1952 | D:3      | Noticed Grinder
  1952 | D:3      | Paralysed by Grinder for 7 turns
  1990 | D:3      | XOM: enchant monster (bad)
  2005 | D:3      | XOM: confusion
  2207 | D:2      | XOM: give mutations
  2207 | D:2      | Gained mutation: Your body sometimes deteriorates upon taking damage. [Xom's mischief]
  2207 | D:2      | Gained mutation: You can spit weak poison. [Xom's mischief]
  2389 | D:3      | Paralysed by Grinder for 4 turns
  2392 | D:3      | XOM: confuse monster(s)
  2415 | D:3      | Killed Grinder
  2415 | D:3      | Reached XP level 5. HP: 21/35 MP: 5/5
  2415 | D:3      | Reached XP level 6. HP: 24/40 MP: 6/6
  2521 | D:3      | XOM: give mutations
  2521 | D:3      | Gained mutation: You evolve. [Xom's mischief]
  2521 | D:3      | Gained mutation: You expend magic power (3 MP) to strengthen your wands. [Xom's mischief]
  2521 | D:3      | Gained mutation: You are dopey. (Int -2) [Xom's mischief]
  2521 | D:3      | Lost mutation: Your body sometimes deteriorates upon taking damage. [Xom's mischief]
  2743 | D:3      | Noticed Terence
  2799 | D:3      | Killed Terence
  2915 | D:2      | XOM: blink monster(s)
  2926 | D:2      | Killed Ijyb
  2926 | D:2      | Reached skill level 5 in Stealth
  2978 | D:3      | Found a bloodstained altar of Trog.
  3009 | D:3      | Gained mutation: Your system is resistant to poisons. [evolution]
  3273 | D:3      | Noticed a giant frog
  3278 | D:3      | Killed a giant frog
  3278 | D:3      | Reached skill level 5 in Dodging
  3278 | D:3      | Reached XP level 7. HP: 44/44 MP: 7/7
  3442 | D:4      | XOM: blink monster(s)
  3476 | D:4      | Found an opulent altar of Gozag.
  3505 | D:3      | Reached skill level 6 in Stealth
  3574 | D:4      | XOM: harmless Necr miscast
  3887 | D:4      | Got a transparent mace
  3893 | D:4      | XOM: confusion
  4048 | D:4      | XOM: 1-stop teleportation journey
  4158 | D:4      | Reached skill level 7 in Stealth
  4264 | D:4      | Reached XP level 8. HP: 37/49 MP: 8/8
  4302 | D:4      | XOM: divination: detect creatures
  4596 | D:4      | XOM: vitrification
  4612 | D:4      | XOM: god gift: runed shortbow {god gift}
  4723 | D:4      | XOM: cast spell 'Beastly Appendage'
  4965 | D:4      | XOM: vitrification
  5073 | D:5      | Entered Level 5 of the Dungeon
  5106 | D:5      | Reached skill level 8 in Stealth
  5204 | D:5      | Found an ancient bone altar of Kikubaaqudgha.
  5222 | D:5      | XOM: polymorph ogre -> swamp drake
  5274 | D:5      | XOM: give mutations
  5274 | D:5      | Gained mutation: You have a somewhat thin skeletal structure (Dex +2, Stealth). [Xom's grace]
  5274 | D:5      | Gained mutation: You have supernaturally acute eyesight. [Xom's grace]
  5274 | D:5      | Lost mutation: You are dopey. (Int -2) [Xom's grace]
  5274 | D:5      | Gained mutation: Your spells are a little harder to cast, but a little more powerful. [Xom's grace]
  5390 | D:5      | XOM: cast spell 'Summon Butterflies'
  5615 | D:5      | Reached skill level 9 in Stealth
  5649 | D:5      | Found a staircase to the Ecumenical Temple.
  5778 | D:5      | XOM: vitrification
  5883 | D:6      | XOM: vitrification
  5959 | D:6      | XOM: vitrification
  5973 | D:6      | XOM: divination: magic mapping
  6016 | D:6      | Reached XP level 9. HP: 42/55 MP: 9/9
  6166 | D:6      | Noticed Eustachio
  6224 | D:6      | XOM: 2-stop teleportation journey
  6231 | D:6      | XOM: summons friendly quasit
  6232 | D:6      | XOM: god gift: scroll labeled EVASORIESI
  6271 | D:6      | XOM is BORED!
  6271 | D:6      | XOM: give mutations
  6271 | D:6      | Lost mutation: Your system is resistant to poisons. [Xom's mischief]
  6271 | D:6      | Gained mutation: You are weak. (Str -2) [Xom's mischief]
  6271 | D:6      | Lost mutation: You evolve. [Xom's mischief]
  6271 | D:6      | Gained mutation: You are somewhat resistant to further mutation. [Xom's mischief]
  6271 | D:6      | Lost mutation: Your spells are a little harder to cast, but a little more powerful. [Xom's mischief]
  6516 | D:6      | XOM: harmless Hex miscast
  6526 | D:6      | XOM: give mutations
  6526 | D:6      | Lost mutation: You are weak. (Str -2) [Xom's mischief]
  6526 | D:6      | Gained mutation: You have large cloven feet. [Xom's mischief]
  6538 | D:6      | XOM: 5-stop teleportation journey
  6599 | D:6      | XOM: 6-stop teleportation journey
  6719 | D:6      | Killed Eustachio
  6834 | D:6      | Reached skill level 10 in Stealth
  7190 | D:6      | XOM is BORED!
  7190 | D:6      | XOM: medium Trmt miscast
  7255 | D:6      | XOM: god gift: scroll labeled VOFRIQ JEFARR
  7271 | D:6      | Noticed Pikel
  7284 | D:6      | Killed Pikel
  7467 | D:6      | XOM: give mutations
  7467 | D:6      | Lost mutation: You are somewhat resistant to further mutation. [Xom's mischief]
  7467 | D:6      | Gained mutation: You are resistant to electric shocks. [Xom's mischief]
  7472 | D:6      | XOM: divination: detect creatures
  7809 | D:7      | XOM: swap monsters
  8049 | D:7      | Found a basalt altar of Yredelemnul.
  8140 | D:7      | Found a shimmering altar of Xom.
  8143 | D:7      | Noticed an angel
  8178 | D:7      | Found a glowing silver altar of Zin.
  8188 | D:7      | XOM: fog
  8195 | D:7      | XOM: confuse monster(s)
  8197 | D:7      | XOM: enchant monster (good)
  8278 | D:7      | Reached XP level 10. HP: 65/65 MP: 10/10
  8428 | D:7      | Identified the +5 mace of Rytunuhi {speed, rF+ MR+ Int+6} (You found it on level 4 of the Dungeon)
  8696 | D:7      | Reached skill level 10 in Dodging
  8862 | D:7      | XOM: mild Hex miscast
  8893 | D:7      | XOM: fake destruction
  8896 | D:7      | Reached skill level 1 in Evocations
  9207 | D:7      | XOM: mild Air miscast
  9816 | D:7      | XOM: silly message
  9863 | D:8      | XOM: summons friendly iron imp
  9958 | D:8      | XOM is BORED!
  9958 | D:8      | XOM: mild Erth miscast
  9976 | D:8      | Noticed a hill giant
  9986 | D:8      | Killed a hill giant
  9986 | D:8      | Reached skill level 10 in Fighting
  9986 | D:8      | Reached skill level 11 in Dodging
  9990 | D:8      | Learned a level 2 spell: Repel Missiles
  9993 | D:8      | Learned a level 2 spell: Swiftness
  9997 | D:8      | Learned a level 3 spell: Flight
 10416 | D:8      | XOM: summons 3 friendly demons
 10558 | D:9      | Reached skill level 5 in Evocations
 10613 | D:9      | Reached XP level 11. HP: 73/73 MP: 15/15
 11023 | D:9      | Found a radiant altar of Vehumet.
 11110 | D:9      | XOM: noise
 11120 | D:9      | XOM: enchant monster (good)
 11127 | D:9      | XOM: polymorph yak -> hippogriff
 11136 | D:9      | Noticed a manticore
 11136 | D:9      | a moth of wrath changed into a manticore
 11137 | D:9      | XOM: divination: detect creatures
 11137 | D:9      | Noticed a shining eye
 11137 | D:9      | a manticore changed into a shining eye
 11139 | D:9      | Noticed a shock serpent
 11139 | D:9      | a shining eye changed into a shock serpent
 11141 | D:9      | XOM: destruction
 11143 | D:9      | a shock serpent changed into a merfolk
 11145 | D:9      | Noticed a mana viper
 11145 | D:9      | a merfolk changed into a mana viper
 11154 | D:9      | Killed a mana viper
 11458 | D:9      | XOM is BORED!
 11458 | D:9      | XOM: give mutation
 11458 | D:9      | Gained mutation: Potions and wands are less effective at restoring your health. [Xom's mischief]
 11551 | D:9      | XOM: cast spell 'Necromutation'
 11662 | D:9      | Noticed a tengu warrior
 11664 | D:9      | XOM: swap monsters
 11665 | D:9      | Reached skill level 12 in Dodging
 11940 | D:9      | XOM: divine lightning
 11945 | D:9      | Killed a tengu warrior
 12035 | D:9      | XOM: god gift: shimmering arbalest {god gift}
 12036 | D:9      | Got a shimmering arbalest {god gift}
 12037 | D:9      | Identified the +3 arbalest of Winter {freeze, -Tele Dex+5} (Xom gifted it to you on level 9 of the Dungeon)
 12147 | D:10     | Entered Level 10 of the Dungeon
 12147 | D:10     | XOM: cast spell 'Statue Form'
 12342 | D:10     | XOM: give mutation
 12342 | D:10     | Lost mutation: Potions and wands are less effective at restoring your health. [Xom's mischief]
 12436 | D:10     | Noticed Maurice
 12446 | D:10     | Killed Maurice
 12480 | D:10     | XOM: destruction
 12633 | D:10     | XOM: 4-stop teleportation journey
 12724 | D:10     | Noticed Erica
 12969 | D:10     | XOM: vitrification
 13024 | D:10     | Noticed an unseen horror
 13042 | D:10     | Killed an unseen horror
 13109 | D:10     | Noticed an unseen horror
 13132 | D:10     | Noticed a hill giant
 13145 | D:10     | Killed a hill giant
 13161 | D:10     | XOM: divination: magic mapping
 13163 | D:10     | an unseen horror changed into an eye of draining
 13163 | D:10     | XOM: polymorph unseen horror -> eye of draining
 13432 | D:10     | XOM: give mutations
 13432 | D:10     | Gained mutation: You are partially covered in rugged brown scales (AC +1, +3% HP). [Xom's grace]
 13432 | D:10     | Gained mutation: You can translocate small distances at will. [Xom's grace]
 13558 | D:10     | XOM: summons 4 hostile demons
 13804 | D:10     | XOM: harmless Divn miscast
 13834 | D:10     | Found a burning altar of Makhleb.
 14070 | D:10     | Killed Erica
 14070 | D:10     | Reached XP level 12. HP: 83/83 MP: 7/18
 14241 | D:8      | XOM is BORED!
 14241 | D:8      | XOM: summons 6 hostile demons
 14327 | D:8      | Found a staircase to the Lair.
 14334 | Lair:1   | Entered Level 1 of the Lair of Beasts
 14334 | Lair:1   | Noticed an eight-headed hydra
 14341 | Lair:1   | Killed an eight-headed hydra
 14341 | Lair:1   | Reached skill level 13 in Dodging
 14439 | Lair:1   | XOM: confuse monster(s)
 14511 | Lair:1   | Reached skill level 1 in Charms
 14511 | Lair:1   | Reached skill level 1 in Air Magic
 14591 | Lair:1   | XOM: divination: detect creatures
 14716 | Lair:1   | XOM: 2-stop teleportation journey
 14717 | Lair:1   | XOM: stat loss: -1 Dex (21/22)
 14754 | Lair:1   | XOM: give mutations
 14754 | Lair:1   | Lost mutation: You have large cloven feet. [Xom's mischief]
 14754 | Lair:1   | Gained mutation: Your mind is acute. (Int +2) [Xom's mischief]
 14754 | Lair:1   | Lost mutation: You can translocate small distances at will. [Xom's mischief]
 14759 | Lair:1   | XOM: chaos cloud
 14848 | Lair:1   | Found a dark tunnel.
 14851 | Lair:1   | XOM: mild Ice miscast
 14865 | Lair:1   | XOM: harmless Summ miscast
 14900 | Volcano  | Entered a volcano
 15045 | Lair:1   | XOM: give mutations
 15045 | Lair:1   | Lost mutation: You are resistant to electric shocks. [Xom's mischief]
 15045 | Lair:1   | Gained mutation: You are frail (-10% HP). [Xom's mischief]
 15045 | Lair:1   | Lost mutation: Your mind is acute. (Int +2) [Xom's mischief]
 15045 | Lair:1   | Lost mutation: You are frail (-10% HP). [Xom's mischief]
 15268 | Lair:1   | XOM: fog
 15443 | Lair:1   | XOM: 4-stop teleportation journey
 15715 | Lair:1   | XOM: medium Necr miscast
 15750 | Lair:1   | XOM: harmless Summ miscast
 15832 | Lair:1   | XOM: god gift: scroll of fear
 15883 | Lair:1   | XOM: summons 4 hostile demons
 16085 | Lair:1   | XOM: silly message
 16243 | Lair:2   | Noticed Harold
 16253 | Lair:2   | Got a dazzling blowgun
 16268 | Lair:2   | Identified the +6 blowgun of Exhibitionism {evade, rC+++ Str+5 Dex-2} (You found it on level 2 of the Lair of Beasts)
 16282 | Lair:2   | XOM: medium Hex miscast
 16496 | Lair:2   | XOM: give mutations
 16496 | Lair:2   | Gained mutation: You are resistant to electric shocks. [Xom's grace]
 16496 | Lair:2   | Gained mutation: You have a pair of small horns on your head. [Xom's grace]
 16496 | Lair:2   | Gained mutation: You are agile. (Dex +2) [Xom's grace]
 16496 | Lair:2   | Gained mutation: You are somewhat resistant to further mutation. [Xom's grace]
 16729 | Lair:2   | XOM: cast spell 'Chain of Chaos'
 16739 | Lair:2   | XOM: summons friendly white imp
 16799 | Lair:2   | XOM: cast spell 'Summon Ice Beast'
 16841 | Lair:2   | XOM: fog
 16900 | Lair:2   | XOM: noise
 16906 | Lair:2   | Reached skill level 10 in Evocations
 16909 | Lair:2   | Noticed a seven-headed hydra
 16916 | Lair:2   | Killed a seven-headed hydra
 16916 | Lair:2   | Reached skill level 1 in Spellcasting
 16918 | Lair:2   | Killed Harold
 16918 | Lair:2   | Reached XP level 13. HP: 77/88 MP: 5/20
 17257 | Lair:2   | XOM: enchant monster (bad)
 17306 | Lair:2   | Noticed a five-headed hydra
 17312 | Lair:2   | Killed a five-headed hydra
 17604 | Lair:2   | XOM: enchant monster (bad)
 17681 | Lair:2   | XOM: give mutation
 17681 | Lair:2   | Gained mutation: Armour fits poorly on your strangely shaped body. [Xom's mischief]
 17805 | Lair:2   | XOM: divination: detect creatures
 17847 | Lair:2   | XOM: enchant monster (bad)
 17967 | Lair:3   | Reached skill level 14 in Dodging
 17973 | Lair:3   | XOM: medium Summ miscast
 18121 | Lair:3   | XOM: chaos cloud
 18131 | Lair:3   | Reached skill level 1 in Long Blades
 18143 | Lair:3   | XOM: divine lightning (protected)
 18628 | Lair:4   | XOM: vitrification
 18672 | Lair:4   | Found a sparkling altar of Nemelex Xobeh.
 18907 | Lair:4   | Found a staircase to the Swamp.
 18981 | Lair:4   | XOM: 3-stop teleportation journey
 19019 | Lair:4   | XOM is BORED!
 19019 | Lair:4   | XOM: mild Chrm miscast
 19028 | Lair:4   | XOM: scenery: create altars
 19095 | Lair:4   | XOM: god gift: bread ration
 19616 | Lair:5   | XOM: destruction
 19650 | Lair:5   | XOM: swap monsters
 19812 | Lair:5   | XOM: destruction
 19818 | Lair:5   | XOM: enchant monster (good)
 19823 | Lair:5   | Reached skill level 5 in Long Blades
 19829 | Lair:5   | XOM: summons friendly white imp
 19865 | Lair:5   | XOM: god gift: 7 meat rations
 20143 | Lair:5   | Found a hole to the Spider Nest.
 20149 | Lair:5   | XOM: summons friendly sun demon
 20162 | Lair:5   | XOM: smoke on damage
 20398 | Lair:5   | XOM: vitrification
 20565 | Lair:5   | XOM: summons 8 friendly demons
 20894 | Lair:6   | XOM: confusion (+ monsters)
 20911 | Lair:6   | XOM: enchant monster (bad)
 20920 | Lair:6   | XOM: noise
 20926 | Lair:6   | Noticed Josephine
 20930 | Lair:6   | Noticed Josephine
 20930 | Lair:6   | Josephine changed into Josephine the merfolk
 20931 | Lair:6   | XOM: fake destruction
 20933 | Lair:6   | XOM: enchant monster (bad)
 21032 | Lair:5   | XOM: silly message
 21153 | Lair:6   | XOM: harmless Fire miscast
 21175 | Lair:6   | Killed Josephine the merfolk
 21223 | Lair:6   | XOM: 3-stop teleportation journey
 21934 | Lair:7   | XOM: divination: detect items
 22396 | Lair:7   | Found a viscous altar of Jiyva.
 22397 | Lair:7   | Found a staircase to the Slime Pits.
 22513 | Lair:7   | XOM: mild Air miscast
 22522 | Lair:7   | Reached XP level 14. HP: 85/94 MP: 22/22
 22629 | Lair:7   | XOM: polymorph blink frog -> baby alligator
 22804 | Lair:7   | XOM: 1-stop teleportation journey
 22875 | Lair:7   | XOM: potion effect (berserk rage)
 22882 | Lair:7   | XOM: potion effect (haste)
 22949 | Lair:7   | XOM: silly message
 23482 | Lair:7   | XOM: mild Tloc miscast
 23505 | Lair:7   | XOM: divination: magic mapping
 23526 | Lair:7   | XOM: mild Trmt miscast
 23559 | Lair:7   | XOM: divination: magic mapping
 23572 | Lair:7   | XOM: summons friendly white imp
 23575 | Lair:7   | XOM: enchant monster (bad)
 23603 | Lair:7   | XOM: confuse monster(s)
 23610 | Lair:7   | XOM: potion effect (berserk rage)
 23819 | Lair:6   | XOM: medium Erth miscast
 23892 | Lair:7   | XOM: potion effect (haste)
 23969 | Lair:7   | XOM: mild Trmt miscast
 24180 | Lair:7   | XOM: summons 6 friendly demons
 24316 | Lair:8   | Entered Level 8 of the Lair of Beasts
 24316 | Lair:8   | Noticed Lathuz's ghost (powerful MiBe)
 24351 | Lair:8   | XOM: confuse monster(s)
 24394 | Lair:8   | Reached skill level 10 in Long Blades
 24449 | Lair:8   | XOM: cast spell 'Monstrous Menagerie'
 24531 | Lair:8   | XOM: vitrification
 24847 | Lair:8   | Learned a level 3 spell: Confuse
 24851 | Lair:8   | Learned a level 3 spell: Dazzling Spray
 24855 | Lair:8   | Learned a level 3 spell: Tukima's Dance
 24870 | Lair:8   | XOM: confuse monster(s)
 24871 | Lair:8   | XOM: noise
 24911 | Lair:8   | XOM: enchant monster (good)
 25120 | Lair:7   | XOM: scenery: create altars
 25444 | Lair:8   | XOM: enchant monster (good)
 25491 | Lair:8   | XOM: enchant monster (bad)
 25498 | Lair:8   | XOM: cast spell 'Dispersal'
 25501 | Lair:8   | XOM: divine lightning
 25506 | Lair:8   | XOM: cast spell 'Cause Fear'
 25529 | Lair:8   | XOM: butterfly on damage
 25741 | Lair:7   | XOM: colour smoke trail
 25787 | Lair:7   | XOM: blink monster(s)
 26052 | Lair:8   | XOM: noise
 26071 | Lair:8   | XOM: chaos cloud
 26073 | Lair:8   | Paralysed by you for 5 turns
 26321 | Lair:8   | XOM: give mutations
 26321 | Lair:8   | Lost mutation: You can spit weak poison. [Xom's mischief]
 26321 | Lair:8   | Gained mutation: You are frail (-10% HP). [Xom's mischief]
 26321 | Lair:8   | Lost mutation: You are frail (-10% HP). [Xom's mischief]
 26321 | Lair:8   | Lost mutation: You are somewhat resistant to further mutation. [Xom's mischief]
 26321 | Lair:8   | Gained mutation: You evolve. [Xom's mischief]
 26708 | Lair:8   | XOM: give mutations
 26708 | Lair:8   | Gained mutation: You are partially covered in large bone plates (AC +2, SH +2). [Xom's grace]
 26708 | Lair:8   | Gained mutation: You have an increased reservoir of magic (+10% MP). [Xom's grace]
 26708 | Lair:8   | Gained mutation: You can spit weak poison. [Xom's grace]
 27018 | Lair:8   | XOM: 4-stop teleportation journey
 27180 | Lair:8   | XOM: summons friendly iron imp
 27197 | Lair:8   | Reached XP level 15. HP: 98/98 MP: 25/25
 27582 | Lair:8   | XOM: summons friendly chaos spawn
 27589 | Lair:8   | XOM: enchant monster (good)
 27686 | Lair:8   | XOM: confuse monster(s)
 27697 | Lair:8   | Killed Lathuz's ghost
 28185 | D:11     | XOM: enchant monster (good)
 28187 | D:11     | XOM: fog
 28333 | D:11     | Learned a level 1 spell: Apportation
 28432 | D:11     | Found Utta's Magic Scroll Shop.
 28453 | D:11     | Bought a scroll of identify for 26 gold pieces
 28453 | D:11     | Bought a scroll of identify for 26 gold pieces
 28453 | D:11     | Bought a scroll of identify for 26 gold pieces
 28453 | D:11     | Bought a scroll of identify for 26 gold pieces
 28453 | D:11     | Bought a scroll of identify for 26 gold pieces
 28495 | D:11     | XOM: enchant monster (good)
 28704 | D:11     | XOM: fake destruction
 28709 | D:11     | XOM: vitrification
 28878 | D:11     | XOM: god gift: 17 stones
 28900 | D:12     | XOM: noise
 28967 | D:12     | XOM: give mutation
 28967 | D:12     | Gained mutation: You rapidly evolve. [Xom's grace]
 28991 | D:12     | Found a flagged portal.
 29000 | Bailey   | Entered a bailey
 29270 | Bailey   | Reached skill level 5 in Charms
 29312 | Bailey   | Gained mutation: Your flesh is heat resistant. [evolution]
 29486 | Bailey   | XOM: scenery: 1 fountains blood, 2 doors open, 1 doors close
 29671 | Bailey   | Got a twisted scimitar
 29675 | Bailey   | Identified the cursed +0 scimitar "Nybius" {freeze, -Tele +Fly Str+6 Stlth+} (You found it in a bailey)
 29776 | D:12     | XOM: mild Air miscast
 29791 | D:12     | XOM: divination: magic mapping
 29805 | D:12     | Noticed Nergalle
 29806 | D:12     | XOM: harmless Summ miscast
 29816 | D:12     | Killed Nergalle
 29855 | D:12     | XOM: divination: detect items
 30223 | D:12     | Found a staircase to the Orcish Mines.
 30376 | D:12     | XOM: summons friendly crimson imp
 30382 | D:12     | Reached skill level 1 in Armour
 30472 | D:13     | Reached skill level 1 in Maces & Flails
 30500 | D:13     | XOM: harmless Air miscast
 30626 | D:13     | Learned a level 2 spell: Blink
 30667 | D:13     | XOM: cast spell 'Excruciating Wounds'
 30727 | D:13     | XOM: noise
 30738 | D:13     | Noticed Sonja
 30741 | D:13     | Noticed Sonja
 30741 | D:13     | Sonja changed into Sonja the spriggan
 30912 | D:13     | XOM: mild Chrm miscast
 30970 | D:13     | XOM: divination: detect creatures
 30972 | D:13     | XOM: noise
 30980 | D:13     | XOM: enchant monster (bad)
 31097 | D:13     | XOM: harmless Divn miscast
 31293 | D:13     | XOM: divination: detect items
 31533 | D:13     | Identified a scroll of acquirement
 31544 | D:13     | XOM: confuse monster(s)
 31547 | D:13     | Killed Sonja the spriggan
 31632 | D:13     | XOM: divination: detect creatures
 31653 | D:13     | XOM: confuse monster(s)
 31693 | D:13     | Noticed Erolcha
 31705 | D:13     | Killed Erolcha
 31753 | D:13     | Got a crystal morningstar
 31754 | D:13     | Identified the cursed +1 morningstar "Bor Ifis" {crush, rC+ Str+4} (You took it off an orc wizard on level 13 of the Dungeon)
 31797 | D:13     | Noticed krabocopter's ghost (powerful DsAs)
 31841 | D:13     | Killed krabocopter's ghost
 32035 | D:13     | XOM: cast spell 'Statue Form'
 32057 | D:13     | XOM: confuse monster(s)
 32062 | D:13     | XOM: blink monster(s)
 32826 | D:13     | XOM: enchant monster (bad)
 32998 | D:13     | XOM: noise
 33032 | D:14     | Found a gate to the Vaults.
 33043 | D:14     | XOM: enchant monster (bad)
 33046 | D:14     | XOM: chaos cloud
 33056 | D:14     | XOM: chaos upgrade
 33185 | D:13     | Reached skill level 5 in Armour
 33291 | D:14     | XOM: noise
 33294 | D:14     | XOM: enchant monster (good)
 33638 | D:14     | XOM: noise
 33640 | D:14     | XOM: swap monsters
 33767 | D:14     | Found a glowing golden altar of the Shining One.
 33784 | D:14     | XOM: 4-stop teleportation journey
 33793 | D:14     | Lost mutation: You can spit weak poison. [potion of cure mutation]
 33793 | D:14     | Lost mutation: You have a pair of small horns on your head. [potion of cure mutation]
 33793 | D:14     | Lost mutation: You have a somewhat thin skeletal structure (Dex +2, Stealth). [potion of cure mutation]
 33793 | D:14     | Lost mutation: Armour fits poorly on your strangely shaped body. [potion of cure mutation]
 33951 | D:12     | XOM: scenery: 1 doors open, 3 doors close
 34016 | D:14     | Cast into the Abyss (a wizard)
 34045 | D:14     | Escaped the Abyss
 34045 | D:14     | XOM: confuse monster(s)
 34050 | D:14     | Reached XP level 16. HP: 104/104 MP: 26/26
 34114 | D:14     | XOM: enchant monster (good)
 34115 | D:14     | XOM: destruction
 34118 | D:14     | XOM: give mutations
 34118 | D:14     | Lost mutation: You are agile. (Dex +2) [Xom's mischief]
 34118 | D:14     | Lost mutation: You rapidly evolve. [Xom's mischief]
 34118 | D:14     | Lost mutation: You have an increased reservoir of magic (+10% MP). [Xom's mischief]
 34118 | D:14     | Gained mutation: Your body sometimes deteriorates upon taking damage. [Xom's mischief]
 34310 | D:13     | Lost mutation: Your body sometimes deteriorates upon taking damage. [evolution]
 34496 | D:14     | XOM: colour smoke trail
 34637 | D:15     | Entered Level 15 of the Dungeon
 34814 | Orc:1    | XOM: stealth player
 34814 | Orc:1    | Entered Level 1 of the Orcish Mines
 34869 | Orc:1    | Reached skill level 5 in Maces & Flails
 35109 | Orc:2    | XOM: mild Trmt miscast
 35176 | Orc:2    | Found a roughly hewn altar of Beogh.
 35237 | Orc:3    | XOM: medium Pois miscast
 35437 | Orc:3    | Noticed Rupert
 35440 | Orc:3    | Found a roughly hewn altar of Beogh.
 35565 | D:8      | XOM: give mutation
 35565 | D:8      | Lost mutation: Your flesh is heat resistant. [Xom's mischief]
 35681 | Spider:1 | Entered Level 1 of the Spider Nest
 35713 | Spider:1 | XOM: colour smoke trail
 36000 | Spider:1 | XOM: confusion (+ monsters)
 36184 | Spider:1 | XOM: give mutations
 36184 | Spider:1 | Gained mutation: You are occasionally teleported to nearby monsters. [Xom's mischief]
 36184 | Spider:1 | Gained mutation: You rapidly evolve. [Xom's mischief]
 36558 | Spider:1 | XOM: stat loss: -1 Dex (20/21)
 36880 | Spider:1 | XOM: mild Chrm miscast
 36990 | Spider:1 | XOM: colour smoke trail
 37127 | Spider:1 | XOM: 2-stop teleportation journey
 37172 | Spider:1 | XOM: chaos cloud
 37291 | Spider:1 | XOM: harmless Air miscast
 37320 | Spider:1 | XOM: noise
 37361 | Spider:1 | XOM: 1-stop teleportation journey
 37369 | Spider:1 | XOM: confuse monster(s)
 37379 | Spider:1 | XOM: give mutations
 37379 | Spider:1 | Gained mutation: You are surrounded by a mild repulsion field (EV +2). [Xom's grace]
 37379 | Spider:1 | Gained mutation: You have a pair of small horns on your head. [Xom's grace]
 37379 | Spider:1 | Gained mutation: Your system is resistant to poisons. [Xom's grace]
 37379 | Spider:1 | Gained mutation: Your spells are a little harder to cast, but a little more powerful. [Xom's grace]
 37380 | Spider:1 | XOM: fog
 37572 | Spider:1 | XOM: silly message
 37727 | Spider:1 | XOM: medium Air miscast
 38033 | Spider:2 | XOM: 1-stop teleportation journey
 38282 | Spider:1 | XOM: colour smoke trail
 38348 | Spider:2 | XOM: blink monster(s)
 38659 | Spider:2 | XOM: harmless Air miscast
 38688 | Spider:2 | XOM: 3-stop teleportation journey
 38733 | Spider:2 | XOM: 8-stop teleportation journey
 38910 | Spider:2 | XOM: divination: detect creatures
 38917 | Spider:2 | XOM: polymorph tarantella -> polar bear
 38923 | Spider:2 | XOM: fog
 38980 | Spider:2 | XOM: give mutations
 38980 | Spider:2 | Lost mutation: Your system is resistant to poisons. [Xom's mischief]
 38980 | Spider:2 | Lost mutation: You rapidly evolve. [Xom's mischief]
 38980 | Spider:2 | Lost mutation: You expend magic power (3 MP) to strengthen your wands. [Xom's mischief]
 39007 | Spider:2 | Reached skill level 10 in Maces & Flails
 39060 | Spider:2 | XOM: harmless Chrm miscast
 39282 | Spider:2 | XOM: silly message
 39350 | Spider:2 | XOM: divination: detect items
 39353 | Spider:2 | XOM: noise
 39381 | Spider:2 | XOM: noise
 39452 | Spider:2 | XOM: blink monster(s)
 39461 | Spider:2 | XOM: noise
 39473 | Spider:2 | XOM: enchant monster (bad)
 39821 | Spider:2 | XOM: mild Erth miscast
 39929 | Spider:2 | XOM: mild Hex miscast
 40079 | Spider:2 | XOM: noise
 40093 | Spider:2 | XOM: summons friendly crimson imp
 40441 | Spider:2 | XOM: mild Divn miscast
 40461 | Spider:2 | Reached XP level 17. HP: 86/109 MP: 25/25
 40465 | Spider:2 | XOM: noise
 40563 | Spider:2 | XOM: noise
 40705 | Spider:2 | XOM: silly message
 40892 | Spider:2 | XOM: mild Tloc miscast
 41574 | Orc:1    | XOM: torment (61/109 hp)
 41634 | Orc:1    | XOM: colour smoke trail
 41974 | Orc:2    | Paralysed by an orc sorcerer for 3 turns
 41975 | Orc:2    | XOM: polymorph orc -> goblin
 41988 | Orc:2    | XOM: polymorph orc -> giant cockroach
 42018 | Orc:2    | XOM: silly message
 42206 | Orc:1    | Noticed Gastronok
 42208 | Orc:1    | Killed Gastronok
 42367 | Orc:4    | Entered Level 4 of the Orcish Mines
 42552 | Orc:1    | XOM: noise
 43026 | Orc:4    | Found Zisumiss's Assorted Antiques.
 43026 | Orc:4    | Found Zohaisegh's Magic Scroll Shop.
 43026 | Orc:4    | Found Caahi's Antique Armour Shop.
 43026 | Orc:4    | Found Roet's Antique Weapon Emporium.
 43026 | Orc:4    | Found a staircase to the Elven Halls.
 43026 | Orc:4    | Noticed Donald
 43028 | Orc:4    | XOM: confusion (+ monsters)
 43039 | Orc:4    | Paralysed by an ogre mage for 2 turns
 43040 | Orc:4    | XOM: enchant monster (good)
 43087 | Orc:4    | Killed Donald
 43376 | Orc:4    | Bought a scroll of enchant weapon for 90 gold pieces
 43380 | Orc:4    | Bought a scroll of acquirement for 1144 gold pieces
 43382 | Orc:4    | Got a pair of polished gloves
 43388 | Orc:4    | Identified the +0 pair of gloves "Maivo" {+Blink rN+ Str+3 Int+7} (You acquired it on level 4 of the Orcish Mines)
 43389 | Orc:4    | Bought an encrusted chain mail for 370 gold pieces
 43389 | Orc:4    | Bought an ichor-stained robe for 222 gold pieces
 43399 | Orc:4    | Identified the cursed +0 chain mail of Insatiable Hunger {MP+9 Str+4} (You bought it in a shop on level 4 of the Orcish Mines)
 43410 | Orc:4    | Identified the +3 robe of the Lonely Orbs {rElec rC- MR- Regen+} (You bought it in a shop on level 4 of the Orcish Mines)
 43426 | Orc:4    | Bought a potion of curing for 66 gold pieces
 43426 | Orc:4    | Bought a scroll of silence for 165 gold pieces
 43429 | Orc:4    | Bought a scroll of identify for 24 gold pieces
 43429 | Orc:4    | Bought a scroll of identify for 24 gold pieces
 43429 | Orc:4    | Bought a scroll of identify for 24 gold pieces
 43429 | Orc:4    | Bought a scroll of identify for 24 gold pieces
 43429 | Orc:4    | Bought a scroll of identify for 24 gold pieces
 43429 | Orc:4    | Bought a scroll of fear for 42 gold pieces
 43823 | Elf:1    | Entered Level 1 of the Elven Halls
 43907 | Elf:1    | XOM: noise
 44102 | Elf:1    | XOM: mild Tloc miscast
 44361 | Elf:1    | XOM: enchant monster (good)
 44375 | Elf:1    | XOM: polymorph demonic crawler -> apocalypse crab
 44377 | Elf:1    | XOM: summons friendly white imp
 44428 | Elf:1    | XOM: noise
 44498 | Elf:1    | Noticed a sphinx
 44771 | Elf:1    | XOM: noise
 44778 | Elf:1    | XOM: divination: detect items
 44780 | Elf:1    | a sphinx changed into a fire giant
 44780 | Elf:1    | XOM: polymorph sphinx -> fire giant
 44841 | Elf:1    | XOM: harmless Chrm miscast
 45021 | Elf:1    | XOM: fog
 45090 | Elf:1    | Reached skill level 15 in Fighting
 45196 | Elf:1    | XOM: enchant monster (good)
 45459 | Elf:1    | XOM: enchant monster (good)
 45462 | Elf:1    | XOM: give mutation
 45462 | Elf:1    | Gained mutation: Your muscles are strong. (Str +2) [Xom's grace]
 45679 | Elf:1    | Reached XP level 18. HP: 120/122 MP: 26/26
 45722 | Elf:1    | XOM: god gift: large shield {god gift}
 45778 | Elf:2    | XOM: god gift: scroll of teleportation
 45818 | Elf:2    | Reached skill level 5 in Spellcasting
 45839 | Elf:2    | Reached skill level 1 in Hexes
 45873 | Elf:2    | Noticed Roxanne
 45876 | Elf:2    | XOM: confuse monster(s)
 45892 | Elf:2    | Killed Roxanne
 45940 | Elf:2    | XOM: fog
 45997 | Elf:2    | XOM: enchant monster (good)
 46132 | Elf:2    | XOM: potion effect (berserk rage)
 46239 | Elf:2    | XOM: cast spell 'Statue Form'
 46263 | Elf:2    | Found a runed gate.
 46263 | Elf:2    | Found a runed gate.
 46263 | Elf:2    | Found a runed gate.
 46263 | Elf:2    | XOM: summons friendly shadow imp
 46268 | Elf:2    | Noticed Aizul
 46271 | Elf:2    | Lost mutation: You have a pair of small horns on your head. [potion of cure mutation]
 46271 | Elf:2    | Lost mutation: Your muscles are strong. (Str +2) [potion of cure mutation]
 46271 | Elf:2    | Lost mutation: Your spells are a little harder to cast, but a little more powerful. [potion of cure mutation]
 46271 | Elf:2    | Lost mutation: You are partially covered in large bone plates (AC +2, SH +2). [potion of cure mutation]
 46271 | Elf:2    | Lost mutation: You are occasionally teleported to nearby monsters. [potion of cure mutation]
 46309 | Elf:2    | XOM: smoke on damage
 46349 | Elf:2    | Reached skill level 5 in Hexes
 46735 | Elf:2    | Noticed Norris
 46747 | Elf:2    | XOM: smoke on damage
 46769 | Elf:2    | Killed Norris
 46875 | Elf:2    | XOM: harmless Erth miscast
 47328 | Orc:2    | XOM: harmless Erth miscast
 47330 | Orc:1    | XOM: mild Chrm miscast
 47670 | Spider:1 | XOM: polymorph worm -> scorpion
 47767 | Spider:3 | Noticed Jorgrun
 47773 | Spider:3 | Killed Jorgrun
 47773 | Spider:3 | XOM: cast spell 'Necromutation'
 47975 | Spider:3 | XOM: polymorph boulder beetle -> glowing shapeshifter
 47991 | Spider:3 | XOM: vitrification
 48201 | Spider:3 | XOM: god gift: meat ration
 48274 | Spider:3 | XOM: harmless Ice miscast
 48440 | Spider:3 | XOM: confusion (+ monsters)
 48443 | Spider:3 | XOM: silly message
 48563 | Spider:3 | XOM: confusion
 48812 | Spider:3 | XOM: enchant monster (bad)
 49010 | Spider:3 | Noticed Louise
 49017 | Spider:3 | Killed Louise
 49040 | Spider:3 | XOM: enchant monster (bad)
 49093 | Spider:3 | Noticed Kirke
 49144 | Spider:3 | XOM: polymorph hog -> troll
 49157 | Spider:3 | Killed Kirke
 49204 | Spider:3 | XOM: harmless Necr miscast
 49215 | Spider:3 | XOM: smoke on damage
 49223 | Spider:3 | XOM: blink monster(s)
 49476 | Spider:3 | XOM: harmless Chrm miscast
 49533 | Spider:3 | XOM: summons 3 friendly demons
 49598 | Spider:3 | XOM: harmless Ice miscast
 49738 | Spider:3 | XOM: confusion (+ monsters)
 49766 | Spider:3 | Reached skill level 10 in Hexes
 50025 | Spider:4 | XOM: noise
 50025 | Spider:4 | Entered Level 4 of the Spider Nest
 50226 | Spider:3 | Gained mutation: You have a pair of small horns on your head. [evolution]
 50226 | Spider:3 | Lost mutation: You evolve. [end of evolution]
 50383 | Spider:4 | XOM: chaos cloud
 50526 | Spider:4 | XOM: silly message
 50571 | Spider:4 | XOM: cast spell 'Olgreb's Toxic Radiance'
 50577 | Spider:4 | XOM: medium Chrm miscast
 50586 | Spider:4 | Reached XP level 19. HP: 121/127 MP: 25/27
 50676 | Spider:4 | Reached skill level 15 in Dodging
 50827 | Spider:4 | XOM: enchant monster (bad)
 50841 | Spider:4 | XOM: medium Summ miscast
 50924 | Spider:4 | XOM: confuse monster(s)
 51072 | Spider:4 | XOM: mild Necr miscast
 51173 | Spider:4 | XOM: mild Divn miscast
 51298 | Spider:4 | XOM: god gift: glowing spear {god gift}
 51463 | Spider:4 | XOM: harmless Summ miscast
 51472 | Spider:4 | XOM: blink monster(s)
 51482 | Spider:4 | XOM: cast spell 'Dragon Form'
 51610 | Spider:4 | XOM: divination: detect creatures
 51630 | Spider:4 | XOM: harmless Ice miscast
 51663 | Spider:4 | XOM: harmless Necr miscast
 51705 | Spider:4 | XOM: confuse monster(s)
 51707 | Spider:4 | Got a gossamer rune of Zot
 51962 | Lair:2   | XOM: medium Divn miscast
 52001 | Swamp:1  | Entered Level 1 of the Swamp
 52067 | Swamp:1  | Reached skill level 1 in Translocations
 52269 | Swamp:1  | XOM: god gift: scroll of acquirement
 52272 | Swamp:1  | Got a bloodstained double sword
 52273 | Swamp:1  | Identified the +6 double sword of the Wasp {speed, rC+ Str+2 SInv} (You acquired it on level 1 of the Swamp)
 52522 | Swamp:1  | XOM: give mutations
 52522 | Swamp:1  | Gained mutation: You have a pair of horns on your head. [Xom's grace]
 52522 | Swamp:1  | Gained mutation: You evolve. [Xom's grace]
 52553 | Swamp:1  | XOM: god gift: 20 arrows of frost
 52618 | Swamp:1  | Lost mutation: You are partially covered in rugged brown scales (AC +1, +3% HP). [evolution]
 52932 | Swamp:1  | XOM: divination: detect creatures
 53052 | Swamp:2  | XOM: potion effect (berserk rage)
 53054 | Swamp:2  | XOM: summons 2 friendly demons
 53061 | Swamp:2  | XOM: polymorph iron imp -> white imp
 53067 | Swamp:2  | Reached skill level 16 in Dodging
 53188 | Swamp:2  | XOM: god gift: slimy iron amulet {god gift}
 53191 | Swamp:2  | Got a slimy iron amulet {god gift}
 53192 | Swamp:2  | Identified the amulet of Fymaczow {Faith Str+6 Int+7} (Xom gifted it to you on level 2 of the Swamp)
 53210 | Swamp:2  | XOM: confuse monster(s)
 53246 | Swamp:2  | XOM: fake destruction
 53374 | Swamp:2  | XOM: 3-stop teleportation journey
 53768 | Swamp:3  | XOM: summons friendly ufetubus
 53861 | Swamp:3  | XOM is BORED!
 53861 | Swamp:3  | XOM: medium Ice miscast
 53955 | Swamp:3  | XOM: summons friendly iron imp
 54178 | Swamp:3  | XOM: fog
 54188 | Swamp:3  | XOM: enchant monster (bad)
 54241 | Swamp:3  | XOM: medium Necr miscast
 54308 | Swamp:3  | XOM: summons 1 hostile demon
 54370 | Swamp:3  | XOM: colour smoke trail
 54388 | Swamp:3  | XOM: silly message
 54415 | Swamp:3  | Reached skill level 5 in Translocations
 54623 | Swamp:4  | Entered Level 4 of the Swamp
 54626 | Swamp:4  | XOM: summons friendly shadow imp
 54687 | Swamp:4  | XOM: blink monster(s)
 54695 | Swamp:4  | XOM: polymorph five-headed hydra -> alligator
 54738 | Swamp:4  | XOM: blink monster(s)
 54780 | Swamp:4  | XOM: summons 14 friendly demons
 54786 | Swamp:4  | XOM: harmless Divn miscast
 54910 | Swamp:4  | XOM: summons friendly quasit
 54918 | Swamp:4  | Reached skill level 17 in Dodging
 54918 | Swamp:4  | XOM: mild Pois miscast
 55198 | Swamp:4  | Reached XP level 20. HP: 115/129 MP: 22/28
 55208 | Swamp:4  | XOM: vitrification
 55213 | Swamp:4  | Noticed the 27-headed Lernaean hydra
 55287 | Swamp:4  | Killed the 27-headed Lernaean hydra
 55309 | Swamp:4  | XOM: confusion
 55313 | Swamp:4  | XOM: god gift: 7 curare-tipped needles
 55346 | Swamp:4  | Got a decaying rune of Zot
 55467 | Swamp:4  | XOM: summons 2 hostile demons
 55543 | Swamp:4  | XOM: 1-stop teleportation journey
 55632 | Swamp:4  | XOM: summons 2 hostile demons
 55665 | Swamp:4  | XOM: god gift: 5 needles of slowing
 55949 | Vaults:1 | Entered Level 1 of the Vaults
 56164 | Vaults:1 | XOM: noise
 56218 | Vaults:1 | XOM: vitrification
 56238 | Vaults:1 | XOM: harmless Tloc miscast
 56412 | Vaults:1 | XOM: 2-stop teleportation journey
 56709 | Vaults:1 | XOM: divination: detect creatures
 56718 | Vaults:1 | XOM: god gift: 34 gold pieces
 56822 | Vaults:1 | XOM: polymorph vault warden -> stone giant
 56824 | Vaults:1 | XOM: 5-stop teleportation journey
 56844 | Vaults:1 | XOM: polymorph stone giant -> iron troll
 56845 | Vaults:1 | Reached skill level 18 in Dodging
 56908 | Vaults:1 | XOM: vitrification
 56975 | Vaults:1 | XOM: god gift: potion of might
 56989 | Vaults:1 | XOM: confuse monster(s)
 56996 | Vaults:1 | XOM: swap monsters
 57005 | Vaults:1 | XOM: potion effect (haste)
 57015 | Vaults:1 | XOM: cast spell 'Cause Fear'
 57253 | Vaults:1 | XOM: cast spell 'Cause Fear'
 57254 | Vaults:1 | XOM: cast spell 'Discord'
 57261 | Vaults:1 | XOM: harmless Hex miscast
 57502 | Vaults:1 | XOM: cast spell 'Ring of Flames'
 57579 | Vaults:1 | XOM: silly message
 57636 | Vaults:1 | XOM: enchant monster (bad)
 57641 | Vaults:1 | XOM: enchant monster (good)
 57660 | Vaults:1 | XOM: enchant monster (bad)
 57754 | Vaults:1 | Reached skill level 10 in Translocations
 57818 | Vaults:1 | XOM: enchant monster (good)
 57840 | Vaults:1 | XOM: cast spell 'Summon Horrible Things'
 57969 | Vaults:1 | XOM: colour smoke trail
 58279 | Vaults:2 | XOM: 1-stop teleportation journey
 58318 | Vaults:2 | XOM: enchant monster (bad)
 58359 | Vaults:2 | Reached skill level 19 in Dodging
 58366 | Vaults:2 | XOM: 9-stop teleportation journey
 58384 | Vaults:2 | XOM: divination: detect creatures
 58428 | Vaults:2 | XOM: harmless Fire miscast
 58531 | Vaults:2 | XOM: potion effect (haste)
 58537 | Vaults:2 | Reached XP level 21. HP: 134/134 MP: 23/29
 58544 | Vaults:2 | XOM: harmless Tloc miscast
 58649 | Vaults:2 | Found a staircase to the Crypt.
 58668 | Vaults:2 | XOM: summons 2 friendly demons
 58675 | Vaults:2 | XOM: cast spell 'Summon Dragon'
 58717 | Vaults:2 | XOM: confuse monster(s)
 58857 | Vaults:2 | XOM: fog
 58873 | Vaults:2 | XOM: polymorph fire giant -> shadow dragon
 58889 | Vaults:2 | XOM: divination: magic mapping
 58891 | Vaults:2 | XOM: potion effect (heal wounds)
 59320 | Vaults:2 | Found Pyacures's Food Emporium.
 59579 | Vaults:2 | XOM: harmless Divn miscast
 59673 | Vaults:2 | Lost mutation: You have a pair of horns on your head. [evolution]
 59673 | Vaults:2 | Lost mutation: You evolve. [end of evolution]
 59674 | Vaults:2 | XOM: medium Trmt miscast
 59884 | Vaults:2 | XOM: harmless Trmt miscast
 59989 | Vaults:2 | XOM: give mutations
 59989 | Vaults:2 | Gained mutation: Your skin changes colour to match your surroundings (Stealth). [Xom's mischief]
 59989 | Vaults:2 | Gained mutation: You are clumsy. (Dex -2) [Xom's mischief]
 60099 | Vaults:2 | XOM: stat loss: -1 Int (24/25)
 60138 | Vaults:2 | XOM: noise
 60193 | Vaults:2 | XOM: chaos cloud
 60225 | Vaults:2 | XOM: noise
 60278 | Vaults:2 | XOM: confusion (+ monsters)
 60287 | Vaults:2 | XOM: confusion
 60299 | Vaults:2 | XOM: blink monster(s)
 60353 | Vaults:2 | XOM: silly message
 60523 | Vaults:3 | XOM: swap monsters
 60524 | Vaults:3 | XOM: cast spell 'Dispersal'
 60533 | Vaults:3 | XOM: 1-stop teleportation journey
 60617 | Vaults:3 | Found Viom's Antique Armour Boutique.
 60636 | Vaults:3 | XOM: chaos cloud
 60739 | Vaults:3 | XOM: stat loss: -1 Str (22/23)
 60751 | Vaults:3 | XOM: noise
 60760 | Vaults:3 | XOM: polymorph green ugly thing -> ghost moth
 60762 | Vaults:3 | XOM: noise
 60778 | Vaults:3 | XOM: enchant monster (bad)
 60810 | Vaults:3 | XOM: noise
 61011 | Vaults:3 | XOM: confusion (+ monsters)
 61014 | Vaults:3 | XOM: give mutations
 61014 | Vaults:3 | Lost mutation: You have supernaturally acute eyesight. [Xom's mischief]
 61014 | Vaults:3 | Gained mutation: You are dopey. (Int -2) [Xom's mischief]
 61014 | Vaults:3 | Gained mutation: You are frail (-10% HP). [Xom's mischief]
 61016 | Vaults:3 | XOM: polymorph boulder beetle -> eye of devastation
 61090 | Vaults:3 | XOM: noise
 61116 | Vaults:3 | XOM: 1-stop teleportation journey
 61123 | Vaults:3 | XOM: draining
 61452 | Vaults:3 | XOM: polymorph ironheart preserver -> sphinx
 61556 | Vaults:3 | XOM: smoke on damage
 61556 | Vaults:3 | XOM: torment (67/120 hp)
 61809 | Vaults:3 | XOM: chaos cloud
 62125 | Vaults:3 | Got a pair of faintly humming gloves
 62137 | Vaults:3 | Identified the +0 pair of gloves of the Saviour {rElec rF- Dex+3} (You found it on level 3 of the Vaults)
 62175 | Vaults:3 | XOM: severe Ice miscast
 62190 | Vaults:3 | XOM: chaos cloud
 62285 | Vaults:3 | XOM: torment (67/120 hp)
 62343 | Vaults:3 | XOM: noise
 62478 | Vaults:3 | XOM: chaos upgrade
 62483 | Vaults:3 | XOM: noise
 62491 | Vaults:3 | Reached skill level 20 in Dodging
 62625 | Vaults:3 | XOM: chaos cloud
 62638 | Vaults:3 | XOM: mild Fire miscast
 62639 | Vaults:3 | XOM: silly message
 62877 | Vaults:3 | XOM: silly message
 63010 | Vaults:3 | XOM: mild Ice miscast
 63196 | Vaults:1 | XOM: noise
 63220 | Vaults:1 | XOM: harmless Ice miscast
 63354 | Lair:1   | Learned a level 6 spell: Dispersal
 63362 | Lair:1   | Learned a level 7 spell: Controlled Blink
 63428 | D:8      | XOM: noise
 63644 | Vaults:3 | Reached XP level 22. HP: 123/126 MP: 32/32
 63673 | Vaults:3 | XOM: smoke on damage
 63808 | Vaults:3 | XOM: mild Divn miscast
 64037 | Vaults:3 | XOM: noise
 64089 | Vaults:3 | XOM: god gift: meat ration
 64333 | Vaults:3 | XOM: god gift: 13 gold pieces
 64355 | Vaults:4 | XOM: 1-stop teleportation journey
 64415 | Vaults:4 | XOM: destruction
 64423 | Vaults:4 | XOM: fog
 64982 | Vaults:4 | Found a magical portal.
 65068 | Vaults:4 | XOM: swap monsters
 65462 | Vaults:4 | XOM: god gift: scroll of vulnerability
 65557 | Vaults:4 | XOM: confuse monster(s)
 65590 | Vaults:4 | XOM: 3-stop teleportation journey
 65653 | Vaults:4 | XOM: god gift: sack of spiders
 65784 | Vaults:4 | XOM: confusion
 65786 | Vaults:4 | XOM: noise
 65792 | Vaults:4 | XOM: chaos cloud
 65793 | Vaults:4 | XOM: noise
 65794 | Vaults:4 | XOM: cast spell 'Ice Form'
 65987 | Vaults:4 | XOM: give mutations
 65987 | Vaults:4 | Gained mutation: You have large cloven feet. [Xom's mischief]
 65987 | Vaults:4 | Gained mutation: You are very clumsy. (Dex -4) [Xom's mischief]
 65987 | Vaults:4 | Lost mutation: You are dopey. (Int -2) [Xom's mischief]
 65987 | Vaults:4 | Lost mutation: You have a pair of small horns on your head. [Xom's mischief]
 66016 | Vaults:3 | Noticed a caustic shrike
 66016 | Vaults:3 | a sphinx changed into a caustic shrike
 66016 | Vaults:3 | XOM: polymorph sphinx -> caustic shrike
 66027 | Vaults:3 | XOM: swap monsters
 66449 | D:14     | XOM: summons 11 hostile demons
 66532 | D:8      | XOM: cast spell 'Statue Form'
 66716 | D:8      | XOM: cast spell 'Spider Form'
 66968 | Vaults:4 | XOM: confuse monster(s)
 67076 | Vaults:4 | XOM: polymorph ogre mage -> sea snake
 67079 | Vaults:4 | XOM: potion effect (heal wounds)
 67080 | Vaults:4 | XOM: summons friendly shadow imp
 67178 | Vaults:4 | XOM: confuse monster(s)
 67188 | Vaults:4 | XOM: polymorph vault guard -> ettin
 67193 | Vaults:4 | XOM: summons friendly white imp
 67258 | Vaults:4 | XOM: chaos cloud
 67369 | Vaults:4 | XOM: polymorph white imp -> iron imp
 67433 | Vaults:4 | XOM: colour smoke trail
 67695 | D:14     | XOM: 3-stop teleportation journey
 67725 | D:15     | Found a staircase to the Depths.
 67981 | D:15     | XOM: 1-stop teleportation journey
 68171 | D:15     | Lost mutation: You are very clumsy. (Dex -4) [potion of beneficial mutation]
 68241 | D:15     | Reached skill level 15 in Translocations
 68259 | D:15     | Noticed Agnes
 68264 | D:15     | XOM: summons friendly quasit
 68267 | D:15     | XOM: divination: detect creatures
 68271 | D:15     | XOM: harmless Chrm miscast
 68279 | D:15     | XOM: 1-stop teleportation journey
 68284 | D:15     | Killed Agnes
 68447 | D:15     | XOM: confusion (+ monsters)
 68744 | Depths:1 | Entered Level 1 of the Depths
 68804 | Depths:1 | XOM: 1-stop teleportation journey
 68820 | Depths:1 | XOM: summons 2 hostile shadow creatures
 68864 | Depths:1 | XOM: divination: detect items
 68869 | Depths:1 | XOM: cast spell 'Statue Form'
 69102 | Depths:1 | Found a one-way gate to the infinite horrors of the Abyss.
 69157 | Depths:1 | XOM: confuse monster(s)
 69177 | Depths:1 | Found a gateway to Hell.
 69177 | Depths:1 | XOM: 1-stop teleportation journey
 69460 | Depths:1 | XOM: medium Divn miscast
 69522 | Depths:1 | XOM: 2-stop teleportation journey
 69576 | Depths:1 | XOM: harmless Conj miscast
 69678 | Depths:1 | XOM: enchant monster (bad)
 69681 | Depths:1 | XOM: destruction
 69684 | Depths:1 | XOM: swap monsters
 69688 | Depths:1 | XOM: summons friendly white imp
 69693 | Depths:1 | XOM: cast spell 'Dragon Form'
 69712 | Depths:1 | XOM: confuse monster(s)
 70115 | Depths:1 | XOM: vitrification
 70231 | Depths:1 | XOM: destruction
 70466 | Depths:2 | XOM: 3-stop teleportation journey
 70476 | Depths:2 | XOM: god gift: potion of berserk rage
 70490 | Depths:2 | XOM: confuse monster(s)
 70499 | Depths:2 | XOM: polymorph yaktaur -> jumping spider
 70565 | Depths:2 | XOM: polymorph frost giant -> deep troll
 70577 | Depths:2 | XOM: potion effect (magic)
 70712 | Depths:2 | XOM: god gift: twisted ivory wand {god gift}
 70856 | Depths:2 | Reached XP level 23. HP: 113/130 MP: 30/33
 70953 | Depths:2 | XOM: polymorph yak -> eye of draining
 70975 | Depths:2 | Noticed a caustic shrike
 70976 | Depths:2 | XOM: confuse monster(s)
 70977 | Depths:2 | Noticed a caustic shrike
 70989 | Depths:2 | Noticed a caustic shrike
 70994 | Depths:2 | Noticed a caustic shrike
 70995 | Depths:2 | XOM: confuse monster(s)
 71174 | Depths:1 | XOM: silly message
 71182 | Depths:1 | XOM: enchant monster (bad)
 71664 | D:15     | XOM: divination: detect creatures
 71685 | Depths:1 | XOM: enchant monster (good)
 71698 | Depths:1 | XOM: harmless Erth miscast
 71907 | Depths:1 | XOM: chaos cloud
 71908 | Depths:1 | XOM: confusion
 71992 | Depths:2 | Killed a caustic shrike
 72099 | Depths:2 | Noticed a caustic shrike
 72442 | Depths:2 | XOM: potion effect (might)
 72447 | Depths:2 | XOM: fog
 72485 | Depths:1 | XOM: mild Necr miscast
 72629 | Depths:1 | XOM: medium Summ miscast
 73013 | D:8      | XOM: harmless Summ miscast
 73150 | Depths:1 | XOM: harmless Divn miscast
 73191 | Depths:2 | XOM: butterfly on damage
 73503 | Depths:2 | XOM: chaos cloud
 73650 | Depths:1 | XOM: silly message
 73701 | Depths:2 | XOM: smoke on damage
 73742 | Depths:1 | Killed a caustic shrike
 74082 | Depths:2 | XOM: chaos cloud
 74083 | Depths:2 | Paralysed by you for 3 turns
 74091 | Depths:2 | Killed a caustic shrike
 74156 | Depths:2 | XOM: 2-stop teleportation journey
 74429 | Depths:2 | XOM: noise
 74436 | Depths:2 | Killed a caustic shrike
 74620 | Depths:2 | Paralysed by a great orb of eyes for 5 turns
 74624 | Depths:2 | XOM: harmless Erth miscast
 75074 | Depths:2 | XOM: divination: magic mapping
 75081 | Depths:2 | XOM: potion effect (heal wounds)
 75082 | Depths:2 | Killed a caustic shrike
 75409 | Depths:2 | XOM: harmless Divn miscast
 75442 | Depths:2 | XOM: silly message
 75667 | Depths:2 | Learned a level 4 spell: Control Teleport
 75899 | Depths:2 | XOM: harmless Divn miscast
 75905 | Depths:2 | XOM: cast spell 'Ice Form'
 76007 | Depths:2 | XOM: harmless Fire miscast
 76105 | Depths:3 | XOM: cast spell 'Stoneskin'
 76193 | Depths:3 | XOM: harmless Chrm miscast
 76226 | Depths:3 | XOM: confuse monster(s)
 76271 | Depths:3 | XOM: harmless Trmt miscast
 76308 | Depths:3 | XOM: summons 3 friendly demons
 76325 | Depths:3 | XOM: divination: detect creatures
 76326 | Depths:3 | XOM: summons 8 friendly demons
 76408 | Depths:3 | Noticed a caustic shrike
 76425 | Depths:3 | XOM: confuse monster(s)
 76427 | Depths:3 | XOM: confuse monster(s)
 76429 | Depths:3 | XOM: summons 2 friendly demons
 76473 | Depths:3 | Noticed a caustic shrike
 76525 | Depths:3 | XOM: god gift: scroll of teleportation
 76569 | Depths:3 | XOM: mild Ice miscast
 76833 | Depths:3 | XOM: mild Air miscast
 76940 | Depths:3 | XOM: confusion
 76944 | Depths:3 | XOM: summons 3 friendly demons
 76971 | Depths:3 | Identified a cursed +4 rod of destruction (12/12) (You took it off a yaktaur on level 2 of the Depths)
 77014 | Depths:3 | XOM: enchant monster (bad)
 77442 | Depths:3 | XOM: god gift: scroll of vulnerability
 77461 | Depths:3 | XOM: polymorph fire dragon -> hill giant
 77465 | Depths:3 | XOM: confusion
 77468 | Depths:3 | XOM: chaos cloud
 77469 | Depths:3 | XOM: summons friendly crimson imp
 77474 | Depths:3 | XOM: potion effect (brilliance)
 77490 | Depths:3 | XOM: summons friendly ufetubus
 77540 | Depths:3 | Identified the Almanac of Confrontation and Toxins (You found it on level 3 of the Depths)
 77553 | Depths:3 | Found Mober's Gadget Boutique.
 77564 | Depths:3 | XOM: confuse monster(s)
 77587 | Depths:3 | Bought a +2 rod of ignition (13/13) for 1000 gold pieces
 77657 | Depths:3 | Reached XP level 24. HP: 121/138 MP: 31/33
 77778 | Depths:3 | XOM: chaos upgrade
 77956 | Depths:3 | XOM: blink monster(s)
 77957 | Depths:3 | XOM: silly message
 78013 | Depths:3 | XOM: noise
 78064 | Depths:3 | XOM: noise
 78082 | Depths:3 | Killed a caustic shrike
 78224 | Depths:3 | XOM: chaos cloud
 78309 | Depths:3 | XOM: harmless Pois miscast
 78354 | Depths:3 | Killed a caustic shrike
 78705 | Depths:3 | XOM: cast spell 'Necromutation'
 79025 | Depths:3 | Found a one-way gate leading to the halls of Pandemonium.
 79110 | Depths:4 | XOM: polymorph stone giant -> quicksilver dragon
 79114 | Depths:4 | XOM: fog
 79152 | Depths:4 | XOM: give mutations
 79152 | Depths:4 | Gained mutation: You possess an exceptional clarity of mind. [Xom's grace]
 79152 | Depths:4 | Gained mutation: You have a pair of small antennae on your head. [Xom's grace]
 79301 | Depths:4 | XOM: polymorph rust devil -> orange demon
 79387 | Depths:3 | XOM: vitrification
 79558 | Depths:4 | XOM: 2-stop teleportation journey
 79645 | Depths:3 | XOM: vitrification
 80214 | Depths:4 | XOM: god gift: morningstar {god gift}
 80355 | Depths:4 | XOM: 4-stop teleportation journey
 80358 | Depths:4 | Found a white marble altar of Elyvilon.
 80374 | Depths:4 | XOM: fog
 80418 | Depths:4 | XOM: summons 2 friendly demons
 80431 | Depths:4 | XOM: noise
 80439 | Depths:4 | XOM: give mutations
 80439 | Depths:4 | Gained mutation: You are partially covered in molten scales (AC +1). [Xom's grace]
 80439 | Depths:4 | Lost mutation: You are frail (-10% HP). [Xom's grace]
 80439 | Depths:4 | Gained mutation: Your spells are a little harder to cast, but a little more powerful. [Xom's grace]
 80439 | Depths:4 | Gained mutation: You are partially covered in rough black scales (AC +4, Dex -1). [Xom's grace]
 80445 | Depths:4 | XOM: divination: detect creatures
 80447 | Depths:4 | XOM: swap monsters
 80451 | Depths:4 | XOM: fake destruction
 80829 | Depths:4 | XOM: divine lightning (protected)
 80835 | Depths:4 | XOM: cast spell 'Summon Dragon'
 81044 | Depths:4 | XOM: summons 1 hostile demon
 81201 | Depths:4 | XOM: summons 1 hostile demon
 81528 | Depths:4 | XOM: mild Fire miscast
 81553 | Depths:4 | XOM: torment (87/156 hp)
 81651 | Depths:4 | Found an opulent altar of Gozag.
 81667 | Depths:4 | XOM: noise
 81676 | Depths:4 | XOM: harmless Divn miscast
 81807 | Depths:4 | XOM: god gift: 38 gold pieces
 81870 | Depths:4 | XOM: 1-stop teleportation journey
 81998 | Depths:4 | XOM: mild Ice miscast
 82002 | Depths:4 | XOM: blink monster(s)
 82060 | Depths:4 | XOM: silly message
 82082 | Depths:4 | XOM: enchant monster (good)
 82152 | Depths:4 | Found a stormy altar of Qazlal.
 82208 | Depths:4 | XOM: swap monsters
 82209 | Depths:4 | XOM: confuse monster(s)
 82225 | Depths:4 | XOM: god gift: twisted smoking staff {god gift}
 82237 | Depths:4 | XOM: god gift: scroll of teleportation
 82298 | Depths:4 | Noticed a shard shrike
 82311 | Depths:4 | Killed a shard shrike
 82608 | Depths:3 | XOM: god gift: 550 gold pieces
 82808 | Depths:4 | XOM: god gift: 2 curare-tipped needles
 82832 | Depths:4 | Got a warped dagger
 82837 | Depths:4 | Found a shadowy altar of Dithmenos.
 82848 | Depths:4 | Identified the cursed +1 dagger "Koseelulla" {vamp, +Inv MR- Str+3 SInv} (You found it on level 4 of the Depths)
 82911 | Depths:4 | XOM: vitrification
 82971 | Depths:4 | XOM: divination: detect creatures
 83033 | Depths:4 | XOM: vitrification
 83291 | Depths:4 | XOM: swap monsters
 83302 | Depths:4 | XOM: destruction
 83394 | Depths:4 | XOM: god gift: disc of storms
 83483 | Depths:4 | XOM: summons friendly ufetubus
 83587 | Depths:4 | Upgraded the game from 0.17-a0-915-g8914353 to 0.17-a0-931-g11a8995
 83611 | Depths:4 | XOM: vitrification
 83682 | Depths:4 | XOM: divination: detect creatures
 83691 | Depths:4 | XOM: summons friendly white imp
 83693 | Depths:4 | Reached XP level 25. HP: 144/160 MP: 30/33
 84215 | Depths:4 | XOM: summons 4 friendly demons
 84227 | Depths:4 | XOM: summons friendly quasit
 84247 | Depths:4 | XOM: polymorph crimson imp -> neqoxec
 84266 | Depths:4 | XOM: give mutation
 84266 | Depths:4 | Gained mutation: You are somewhat resistant to further mutation. [Xom's grace]
 84439 | Depths:4 | Got a fine jade amulet
 84440 | Depths:4 | Identified the amulet "Kenlol" {Ward rPois rF- rN+ Str+7} (You took it off a deep elf blademaster on level 4 of the Depths)
 84521 | Depths:5 | Entered Level 5 of the Depths
 84523 | Depths:5 | Noticed Sojobo
 84540 | Depths:5 | Killed Sojobo
 84667 | Depths:4 | XOM: medium Summ miscast
 84726 | Depths:4 | XOM: harmless Erth miscast
 84734 | Depths:4 | XOM: summons friendly white imp
 84981 | Depths:5 | XOM: divination: detect creatures
 85027 | Depths:5 | Found a gateway to a ziggurat.
 85105 | Depths:5 | XOM: summons 2 friendly demons
 85256 | Depths:5 | Found Piri's Armour Boutique.
 85308 | Depths:5 | XOM: confuse monster(s)
 85348 | Depths:5 | XOM: summons friendly crimson imp
 85369 | Depths:5 | XOM: enchant monster (good)
 85503 | Depths:5 | XOM: confuse monster(s)
 85687 | Depths:5 | XOM: confuse monster(s)
 85693 | Depths:5 | XOM: enchant monster (good)
 85698 | Depths:5 | XOM: enchant monster (good)
 85855 | Depths:5 | Found a gate to the Realm of Zot.
 85855 | Depths:5 | XOM: swap monsters
 85882 | Depths:5 | XOM: potion effect (berserk rage)
 85902 | Depths:5 | XOM: 5-stop teleportation journey
 85914 | Depths:5 | XOM: 4-stop teleportation journey
 85920 | Depths:5 | XOM: 1-stop teleportation journey
 86000 | Depths:5 | XOM: god gift: 7 needles of slowing
 86032 | Depths:5 | XOM: god gift: 11 gold pieces
 86036 | Depths:5 | XOM: god gift: wand of lightning {god gift}
 86113 | Depths:5 | Reached skill level 15 in Long Blades
 86141 | Depths:5 | XOM: god gift: box of beasts
 86171 | Depths:5 | XOM: confuse monster(s)
 86255 | Depths:5 | XOM: divine lightning
 86348 | Depths:5 | XOM: god gift: scroll of immolation
 86349 | Depths:5 | XOM: fog
 86356 | Depths:5 | XOM: summons 5 friendly demons
 86597 | Depths:5 | XOM: summons 13 friendly demons
 86627 | Depths:5 | XOM: god gift: runed chain mail {god gift}
 86637 | Depths:5 | XOM: polymorph ufetubus -> shadow imp
 86704 | Depths:5 | XOM: polymorph stone giant -> fire giant
 86705 | Depths:5 | XOM: swap monsters
 86758 | Depths:5 | Found Qucocu's Book Shoppe.
 86761 | Depths:5 | Bought a book of the Warp for 1800 gold pieces
 86797 | Depths:5 | XOM: 2-stop teleportation journey
 86829 | Depths:5 | Got a bloodstained ring mail
 86830 | Depths:5 | Identified the +3 ring mail of Intercession {rF- rCorr Int+3 Stlth+} (You found it on level 5 of the Depths)
 86881 | Depths:5 | XOM: 2-stop teleportation journey
 86890 | Depths:5 | XOM: god gift: 1380 gold pieces
 86993 | Depths:5 | XOM: enchant monster (good)
 87027 | Depths:5 | Found a viscous altar of Jiyva.
 87057 | Depths:5 | XOM: enchant monster (good)
 87062 | Depths:5 | Reached XP level 26. HP: 135/166 MP: 33/33
 87062 | Depths:5 | Reached skill level 10 in Armour
 87184 | Depths:5 | XOM: potion effect (might)
 87274 | Depths:5 | XOM: potion effect (experience)
 87274 | Depths:5 | Reached XP level 27. HP: 171/171 MP: 33/35
 87277 | Depths:5 | XOM: cast spell 'Olgreb's Toxic Radiance'
 87279 | Depths:5 | XOM: silly message
 87282 | Depths:5 | XOM: enchant monster (bad)
 87327 | Depths:5 | Learned a level 5 spell: Phase Shift
 87377 | Depths:5 | XOM: cast spell 'Dragon Form'
 87791 | Elf:1    | XOM: cast spell 'Summon Horrible Things'
 87813 | Elf:1    | XOM: god gift: meat ration
 87863 | Elf:2    | XOM: harmless Erth miscast
 88053 | Elf:2    | XOM: noise
 88094 | Elf:2    | Noticed Saint Roka
 88094 | Elf:2    | XOM: cast spell 'Summon Horrible Things'
 88096 | Elf:2    | XOM: confuse monster(s)
 88097 | Elf:2    | XOM: enchant monster (good)
 88116 | Elf:2    | Killed Saint Roka
 88207 | Elf:2    | XOM: confuse monster(s)
 88349 | Elf:3    | Entered Level 3 of the Elven Halls
 88360 | Elf:3    | XOM: scenery: 3 doors open
 88498 | Elf:3    | XOM: colour smoke trail
 88548 | Elf:3    | XOM: cast spell 'Summon Butterflies'
 88950 | Elf:3    | XOM: colour smoke trail
 89008 | Elf:3    | XOM: noise
 89418 | Elf:3    | XOM: destruction
 89427 | Elf:3    | XOM: harmless Divn miscast
 89428 | Elf:3    | XOM: confuse monster(s)
 89474 | Elf:3    | XOM: give mutations
 89474 | Elf:3    | Lost mutation: You are somewhat resistant to further mutation. [Xom's mischief]
 89474 | Elf:3    | Lost mutation: Your skin changes colour to match your surroundings (Stealth). [Xom's mischief]
 89474 | Elf:3    | Lost mutation: Your spells are a little harder to cast, but a little more powerful. [Xom's mischief]
 89509 | Elf:3    | XOM: silly message
 89532 | Elf:3    | XOM: harmless Pois miscast
 89951 | Elf:3    | XOM: medium Hex miscast
 89974 | Elf:3    | XOM: fog
 89988 | Elf:3    | XOM: harmless Air miscast
 90328 | Elf:3    | XOM: enchant monster (bad)
 90340 | Elf:3    | XOM: mild Ice miscast
 90359 | Elf:3    | XOM: mild Chrm miscast
 90581 | Elf:3    | XOM: colour smoke trail
 90639 | Elf:3    | Got a ring of the Octopus King
 90641 | Elf:3    | Identified a ring of the Octopus King {SustAb AC+1 EV+1 Str+1 Int+1 Dex+1} (You took it off a deep elf death mage on level 3 of the Elven Halls)
 90644 | Elf:3    | XOM: vitrification
 90680 | Elf:3    | XOM: fog
 90681 | Elf:3    | XOM: god gift: scroll of random uselessness
 90697 | Elf:3    | XOM: polymorph deep elf sorcerer -> queen ant
 90745 | Elf:3    | XOM: god gift: 12 royal jellies
 90752 | Elf:3    | XOM: harmless Necr miscast
 90756 | Elf:3    | Got a heavily runed platinum ring
 90759 | Elf:3    | XOM: give mutations
 90759 | Elf:3    | Gained mutation: You have hoof-like feet. [Xom's grace]
 90759 | Elf:3    | Gained mutation: You have an increased reservoir of magic (+10% MP). [Xom's grace]
 90759 | Elf:3    | Gained mutation: You can translocate small distances at will. [Xom's grace]
 90759 | Elf:3    | Gained mutation: You have hooves in place of feet. [Xom's grace]
 90764 | Elf:3    | Got a shimmering pewter ring
 90765 | Elf:3    | Identified the ring "Doment" {EV+2 Str+3 Stlth+} (You took it off a deep elf annihilator on level 3 of the Elven Halls)
 90766 | Elf:3    | Identified the ring "Fuenacou" {rC+ rN+ Int+6 SInv} (You took it off a deep elf demonologist on level 3 of the Elven Halls)
 90770 | Elf:3    | XOM: give mutations
 90770 | Elf:3    | Gained mutation: You can spit weak poison. [Xom's grace]
 90770 | Elf:3    | Gained mutation: Your flesh is cold resistant. [Xom's grace]
 90770 | Elf:3    | Gained mutation: Your mind is acute. (Int +2) [Xom's grace]
 90770 | Elf:3    | Gained mutation: You have sharp fingernails. [Xom's grace]
 90772 | Elf:3    | Got a crude ring mail
 90783 | Elf:3    | Identified the +0 ring mail of Grace {rF+ Int+6} (You found it on level 3 of the Elven Halls)
 90922 | Elf:3    | Got a pitted iron amulet
 90923 | Elf:3    | Identified the amulet "Pioj" {Clar Int+3 Stlth+} (You took it off a deep elf blademaster on level 3 of the Elven Halls)
 90938 | Elf:3    | XOM: god gift: scroll of amnesia
 91020 | Elf:3    | XOM: vitrification
 91063 | Elf:1    | XOM: scenery: 1 doors close
 91129 | Orc:3    | XOM: enchant monster (good)
 91193 | D:12     | XOM: give mutation
 91193 | D:12     | Gained mutation: Your muscles are strong. (Str +2) [Xom's grace]
 91235 | Vaults:1 | XOM: divination: detect creatures
 91461 | Vaults:4 | XOM: god gift: 33 gold pieces
 91468 | Vaults:4 | XOM: mild Erth miscast
 91581 | Vaults:3 | XOM: mild Conj miscast
 91939 | Elf:3    | XOM: divination: detect creatures
 92183 | D:12     | XOM: scenery: 1 doors open, 2 doors close
 92338 | Vaults:5 | XOM: noise
 92338 | Vaults:5 | Entered Level 5 of the Vaults
 92438 | Vaults:5 | XOM: colour smoke trail
 92488 | Vaults:5 | XOM: potion effect (heal wounds)
 92674 | Vaults:5 | XOM: enchant monster (good)
 92760 | Vaults:5 | XOM: fog
 92856 | Vaults:5 | XOM: god gift: whip {god gift}
 92909 | Vaults:5 | XOM: god gift: ring mail {god gift}
 93060 | Vaults:5 | XOM: 1-stop teleportation journey
 93138 | Vaults:5 | XOM: swap monsters
 93158 | Vaults:5 | XOM: harmless Chrm miscast
 93410 | Vaults:5 | XOM: summons 8 friendly demons
 93419 | Vaults:5 | XOM: enchant monster (good)
 93455 | Vaults:5 | XOM: potion effect (berserk rage)
 93456 | Vaults:5 | XOM: polymorph cyan very ugly thing -> shadow dragon
 93511 | Vaults:5 | XOM: confuse monster(s)
 93519 | Vaults:5 | Reached skill level 15 in Evocations
 93548 | Vaults:5 | XOM: colour smoke trail
 94207 | Vaults:5 | XOM: polymorph titan -> shard shrike
 94592 | Vaults:5 | Identified the Compendium of Nocuous Arcane Weapons
 94765 | Vaults:5 | XOM: polymorph vault guard -> griffon
 94822 | Vaults:5 | XOM: enchant monster (good)
 94955 | Vaults:5 | XOM: swap monsters
 95027 | Vaults:5 | XOM: noise
 95030 | Vaults:5 | XOM: potion effect (haste)
 95035 | Vaults:5 | XOM: confuse monster(s)
 95105 | Vaults:5 | Got a faintly glowing bronze ring
 95109 | Vaults:5 | Identified the ring of Beogh's Hope {+Fly MP+9 Int+2} (You took it off an orc on level 5 of the Vaults)
 95526 | Vaults:5 | XOM: harmless Ice miscast
 95699 | Vaults:5 | XOM: potion effect (haste)
 95796 | Vaults:5 | XOM: enchant monster (bad)
 95799 | Vaults:5 | XOM: summons 4 friendly demons
 95816 | Vaults:5 | XOM: summons 7 friendly demons
 95821 | Vaults:5 | XOM: chaos cloud
 95822 | Vaults:5 | Paralysed by you for 7 turns
 95872 | Vaults:5 | XOM: silly message
 95877 | Vaults:5 | XOM: divination: detect creatures
 95882 | Vaults:5 | XOM: medium Chrm miscast
 95887 | Vaults:5 | XOM: chaos cloud
 96154 | Vaults:5 | XOM: cast spell 'Summon Small Mammal'
 96156 | Vaults:5 | XOM: destruction
 96163 | Vaults:5 | XOM: destruction
 96232 | Vaults:5 | XOM: give mutations
 96232 | Vaults:5 | Gained mutation: You are good at translocating small distances at will. [Xom's grace]
 96232 | Vaults:5 | Gained mutation: You are resistant to hostile enchantments. [Xom's grace]
 96663 | Vaults:5 | Got a silver rune of Zot
 96672 | Vaults:5 | XOM: harmless Fire miscast
 96915 | Vaults:5 | XOM: give mutation
 96915 | Vaults:5 | Lost mutation: Your flesh is cold resistant. [Xom's mischief]
 96921 | Vaults:5 | XOM: cast spell 'Metabolic Englaciation'
 96927 | Vaults:5 | XOM: chaos cloud
 97094 | Vaults:5 | XOM: colour smoke trail
 97258 | Vaults:5 | Got a pair of ichor-stained boots
 97259 | Vaults:5 | Identified the cursed +0 pair of boots of Wonder {rElec MP+9 SInv} (You found it on level 5 of the Vaults)
 97270 | Vaults:5 | Got a shimmering dagger
 97271 | Vaults:5 | Identified the +3 dagger of Fodiv {drain, Str+5 Int+4} (You found it on level 5 of the Vaults)
 97301 | Vaults:5 | Got an ichor-stained dagger
 97302 | Vaults:5 | Identified the +1 dagger of Pymp {pierce, rPois} (You found it on level 5 of the Vaults)
 97454 | Vaults:1 | XOM: summons friendly shadow imp
 97644 | Zot:1    | Entered Level 1 of the Realm of Zot
 97797 | Zot:3    | XOM: enchant monster (bad)
 97805 | Zot:3    | XOM: harmless Air miscast
 98214 | Zot:4    | XOM: noise
 98315 | Zot:4    | XOM: harmless Tloc miscast
 98355 | Zot:4    | XOM: noise
 98356 | Zot:4    | XOM: enchant monster (bad)
 98362 | Zot:4    | XOM: confuse monster(s)
 98402 | Zot:4    | XOM: chaos cloud
 98512 | Zot:3    | XOM: enchant monster (bad)
 98602 | Zot:3    | XOM: colour smoke trail
 98721 | Zot:5    | Entered Level 5 of the Realm of Zot
 99035 | Zot:5    | XOM: harmless Tloc miscast
 99258 | Zot:5    | XOM: harmless Pois miscast
 99298 | Zot:4    | XOM: mild Conj miscast
 99339 | Zot:5    | XOM: enchant monster (bad)
 99511 | Zot:5    | Noticed an orb of fire
 99528 | Zot:5    | Lost mutation: Your muscles are strong. (Str +2) [an orb of fire]
 99535 | Zot:5    | Lost mutation: You have an increased reservoir of magic (+10% MP). [an orb of fire]
 99550 | Zot:5    | Killed an orb of fire
 99700 | Zot:5    | XOM: chaos cloud
 99787 | Zot:5    | XOM: scenery: create altars
 99855 | Zot:5    | XOM: polymorph Orb Guardian -> emperor scorpion
 99940 | Zot:5    | XOM: swap monsters
 99962 | Zot:5    | XOM: enchant monster (bad)
 99964 | Zot:5    | XOM: silly message
 99967 | Zot:5    | XOM: vitrification
 99993 | Zot:4    | XOM: harmless Conj miscast
100021 | Zot:5    | XOM: polymorph black draconian shifter -> frost giant
100037 | Zot:5    | XOM: noise
100041 | Zot:5    | XOM: summons friendly ufetubus
100193 | Zot:5    | XOM: harmless Hex miscast
100288 | Zot:5    | XOM: mild Chrm miscast
100291 | Zot:5    | XOM: cast spell 'Stoneskin'
100295 | Zot:5    | XOM: chaos cloud
100305 | Zot:5    | XOM: silly message
100307 | Zot:5    | XOM: cast spell 'Summon Swarm'
100706 | Zot:5    | XOM: harmless Ice miscast
100765 | Zot:5    | XOM: potion effect (brilliance)
100773 | Zot:5    | XOM: potion effect (magic)
100777 | Zot:5    | XOM: mild Pois miscast
100920 | Zot:5    | Noticed an orb of fire
100955 | Zot:5    | XOM: harmless Air miscast
100962 | Zot:5    | Killed an orb of fire
101043 | Zot:2    | XOM: silly message
101473 | Vaults:3 | XOM: scenery: 1 doors close
101636 | Vaults:4 | XOM: fog
101910 | Orc:4    | Bought a phantom mirror for 660 gold pieces
101910 | Orc:4    | Bought a lantern of shadows for 440 gold pieces
101913 | Orc:4    | Bought a scroll of vulnerability for 90 gold pieces
101948 | Orc:4    | XOM: cast spell 'Metabolic Englaciation'
102139 | Depths:3 | XOM: potion effect (invisibility)
102189 | Depths:3 | Bought a phantom mirror for 300 gold pieces
102230 | Depths:5 | XOM: potion effect (berserk rage)
102447 | Zot:5    | XOM: potion effect (berserk rage)
102452 | Zot:5    | XOM: divination: detect creatures
102495 | Zot:5    | XOM: 1-stop teleportation journey
102497 | Zot:5    | Noticed an orb of fire
102513 | Zot:5    | XOM: fog
102519 | Zot:5    | Lost mutation: Your mind is acute. (Int +2) [an orb of fire]
102530 | Zot:5    | Gained mutation: You are weak. (Str -2) [an orb of fire]
102537 | Zot:5    | Killed an orb of fire
102577 | Zot:5    | Noticed an ancient lich
102598 | Zot:5    | Killed an ancient lich
102627 | Zot:5    | XOM: polymorph Orb Guardian -> dire elephant
102642 | Zot:5    | Noticed an ancient lich
102642 | Zot:5    | XOM: cast spell 'Stoneskin'
102645 | Zot:5    | XOM: enchant monster (good)
102657 | Zot:5    | Killed an ancient lich
102657 | Zot:5    | XOM: confuse monster(s)
102846 | Zot:5    | XOM: destruction
102862 | Zot:5    | Reached skill level 10 in Throwing
103078 | Zot:5    | XOM: medium Fire miscast
103253 | Zot:5    | XOM: give mutations
103253 | Zot:5    | Lost mutation: You are resistant to hostile enchantments. [Xom's mischief]
103253 | Zot:5    | Lost mutation: You can spit weak poison. [Xom's mischief]
103253 | Zot:5    | Lost mutation: You are partially covered in rough black scales (AC +4, Dex -1). [Xom's mischief]
103268 | Zot:5    | XOM: silly message
103511 | Zot:5    | Got the Orb of Zot
103654 | Depths:5 | XOM: harmless Chrm miscast
103658 | Depths:5 | XOM: give mutations
103658 | Depths:5 | Lost mutation: You are weak. (Str -2) [Xom's mischief]
103658 | Depths:5 | Lost mutation: You are clumsy. (Dex -2) [Xom's mischief]
103658 | Depths:5 | Lost mutation: You possess an exceptional clarity of mind. [Xom's mischief]
103659 | Depths:5 | XOM: cast spell 'Statue Form'
103659 | Depths:5 | Gained mutation: Armour fits poorly on your strangely shaped body. [a neqoxec]
103662 | Depths:5 | XOM: silly message
103673 | Depths:4 | XOM: chaos cloud
103716 | Depths:3 | Noticed Zaihoe the pandemonium lord
103777 | Depths:1 | XOM: noise
103978 | D:11     | XOM: confuse monster(s)
103985 | D:11     | Reached skill level 1 in Unarmed Combat
104042 | D:10     | Noticed Tiett the pandemonium lord
104054 | D:10     | XOM: potion effect (berserk rage)
104082 | D:9      | XOM: summons friendly crimson imp
104089 | D:8      | XOM: harmless Divn miscast
104113 | D:8      | Lost mutation: You are surrounded by a mild repulsion field (EV +2). [a neqoxec]
104284 | D:2      | XOM: give mutations
104284 | D:2      | Gained mutation: You passively map a small area around you. [Xom's grace]
104284 | D:2      | Gained mutation: Your flesh is cold resistant. [Xom's grace]
104284 | D:2      | Gained mutation: Your flesh is very cold resistant. [Xom's grace]
104321 | D:$      | Escaped with the Orb!

Action                   |  1- 3 |  4- 6 |  7- 9 | 10-12 | 13-15 | 16-18 | 19-21 | 22-24 | 25-27 || total
-------------------------+-------+-------+-------+-------+-------+-------+-------+-------+-------++-------
Melee: Short sword       |    89 |   174 |   387 |   674 |   782 |    69 |       |       |       ||  2175
       Dagger            |       |     1 |    22 |    53 |   261 |   140 |   132 |    46 |       ||   655
       Mace              |       |       |       |    17 |       |       |       |       |       ||    17
       Unarmed           |       |       |       |     3 |     8 |       |       |     6 |       ||    17
       Scimitar          |       |       |       |    10 |   382 |    24 |    36 |       |       ||   452
       Demon whip        |       |       |       |       |   442 |  1499 |  1179 |   855 |     2 ||  3977
       Quick blade       |       |       |       |       |       |     1 |       |    62 |    66 ||   129
       Double sword      |       |       |       |       |       |       |   396 |  1410 |  2981 ||  4787
 Fire: Blowgun           |       |       |    15 |    30 |    58 |   173 |    41 |     9 |    41 ||   367
Throw: Stone             |       |       |     3 |       |       |       |       |       |       ||     3
       Throwing net      |       |       |     1 |       |     8 |     4 |       |     3 |     6 ||    22
       Tomahawk          |       |       |       |     7 |     9 |     2 |       |       |       ||    18
 Cast: Repel Missiles    |       |       |       |     1 |     4 |     1 |     2 |    13 |    10 ||    31
       Flight            |       |       |       |       |     8 |     3 |    25 |    10 |     1 ||    47
       Swiftness         |       |       |       |       |     1 |       |       |     1 |       ||     2
       Confuse           |       |       |       |       |       |    17 |    42 |    36 |    33 ||   128
       Apportation       |       |       |       |       |       |       |     2 |       |     3 ||     5
       Tukima's Dance    |       |       |       |       |       |       |    38 |    34 |    87 ||   159
       Dazzling Spray    |       |       |       |       |       |       |     1 |     2 |       ||     3
       Dispersal         |       |       |       |       |       |       |       |     9 |     1 ||    10
       Controlled Blink  |       |       |       |       |       |       |       |    11 |    20 ||    31
       Control Teleport  |       |       |       |       |       |       |       |     2 |     1 ||     3
       Blink             |       |       |       |       |       |       |       |     1 |       ||     1
       Phase Shift       |       |       |       |       |       |       |       |       |    59 ||    59
 Abil: Breathe Fire      |       |       |       |       |       |       |       |     1 |       ||     1
       Evoke Blink       |       |       |       |       |       |       |       |     1 |       ||     1
Evoke: Wand              |       |       |     3 |    51 |    53 |    24 |    22 |    22 |    35 ||   210
       Lamp of fire      |       |       |       |       |     2 |     2 |     5 |     2 |     6 ||    17
       Sack of spiders   |       |       |       |       |       |       |       |     6 |       ||     6
       Phial of floods   |       |       |       |       |       |       |       |     1 |       ||     1
       Rod               |       |       |       |       |       |       |       |    20 |     8 ||    28
       Phantom mirror    |       |       |       |       |       |       |       |       |     2 ||     2
  Use: Scroll            |     4 |     1 |     4 |    23 |    24 |    33 |    13 |    15 |    29 ||   146
       Potion            |       |       |       |     3 |     8 |    20 |     7 |     9 |    13 ||    60
 Stab: Distracted        |     1 |     1 |     5 |     6 |    13 |    26 |    16 |    19 |    33 ||   120
       Paralysed         |     1 |       |       |     4 |     3 |     1 |       |       |     4 ||    13
       Sleeping          |     1 |     2 |    15 |    43 |    59 |    66 |    37 |    33 |    15 ||   271
       Confused          |       |     1 |     4 |    18 |    12 |    10 |    31 |    39 |    49 ||   164
       Held in net/web   |       |       |     1 |       |     3 |     2 |       |       |     5 ||    11
       Petrifying        |       |       |       |     1 |       |     3 |     1 |       |       ||     5
       Fleeing           |       |       |       |       |     1 |       |       |       |       ||     1
       Betrayed ally     |       |       |       |       |     1 |     1 |       |       |     1 ||     3
       Invisible         |       |       |       |       |       |       |     2 |       |     4 ||     6
       Petrified         |       |       |       |       |       |       |       |     3 |     1 ||     4
  Eat: Chunk             |     7 |     8 |    17 |    22 |    60 |    52 |    46 |    72 |    70 ||   354
       Pizza             |       |       |       |     2 |       |       |       |       |       ||     2
       Royal jelly       |       |       |       |       |     1 |     1 |       |       |     2 ||     4
       Meat ration       |       |       |       |       |       |       |       |     1 |     3 ||     4
       Beef jerky        |       |       |       |       |       |       |       |     1 |       ||     1
